Workbook
Name _MOD1: '[1]BASE DE DATOS'!$A$310:$A$313
Name _MOD1: '[1]BASE DE DATOS'!$A$310:$A$313
Name _MOD1: '[1]BASE DE DATOS'!$A$310:$A$313
Name _no1: '[1]BASE DE DATOS'!$A$2:$A$302
Name _no1: '[1]BASE DE DATOS'!$A$2:$A$302
Name _no1: '[1]BASE DE DATOS'!$A$2:$A$302
Name _ru1: '[1]BASE DE DATOS'!$C$330:$C$340
Name _ru1: '[1]BASE DE DATOS'!$C$330:$C$340
Name _ru1: '[1]BASE DE DATOS'!$C$330:$C$340
Name ACTIVIDADES: #REF!
Name ACTIVIDADES: #REF!
Name ACTIVIDADES: #REF!
Name AMP: '[2]Presupuesto B,E,A 2016'!$AF$3:$AI$7
Name AMP: '[2]Presupuesto B,E,A 2016'!$AF$3:$AI$7
Name AMP: '[2]Presupuesto B,E,A 2016'!$AF$3:$AI$7
Name COMPARATIVA: #REF!
Name COMPARATIVA: #REF!
Name COMPARATIVA: #REF!
Name COMPARATIVA: #REF!
Name COMPARATIVA: #REF!
Name COMPONENTES: #REF!
Name COMPONENTES: #REF!
Name COMPONENTES: #REF!
Name CONT: '[3]BASE DE DATOS'!$C$338:$C$438
Name CONT: '[3]BASE DE DATOS'!$C$338:$C$438
Name CONT: '[3]BASE DE DATOS'!$C$338:$C$438
Name CONTRATISTA2: '[3]BASE DE DATOS'!$A$2:$A$298
Name CONTRATISTA2: '[3]BASE DE DATOS'!$A$2:$A$298
Name CONTRATISTA2: '[3]BASE DE DATOS'!$A$2:$A$298
Name DED: '[1]BASE DE DATOS'!$C$317:$C$323
Name DED: '[1]BASE DE DATOS'!$C$317:$C$323
Name DED: '[1]BASE DE DATOS'!$C$317:$C$323
Name dedu: '[1]BASE DE DATOS'!$C$317:$C$323
Name dedu: '[1]BASE DE DATOS'!$C$317:$C$323
Name dedu: '[1]BASE DE DATOS'!$C$317:$C$323
Name DEDUC: '[4]BASE DE DATOS'!$C$242:$C$247
Name DEDUC: '[4]BASE DE DATOS'!$C$242:$C$247
Name DEDUC: '[4]BASE DE DATOS'!$C$242:$C$247
Name DEDUCCIONES: '[3]BASE DE DATOS'!$C$299:$C$305
Name DEDUCCIONES: '[3]BASE DE DATOS'!$C$299:$C$305
Name DEDUCCIONES: '[3]BASE DE DATOS'!$C$299:$C$305
Name E1070D860: #REF!
Name E1070D860: #REF!
Name E1070D860: #REF!
Name E1070D860: #REF!
Name E1070D860: #REF!
Name fondoii2015: '[3]BASE DE DATOS'!$C$313:$C$319
Name fondoii2015: '[3]BASE DE DATOS'!$C$313:$C$319
Name fondoii2015: '[3]BASE DE DATOS'!$C$313:$C$319
Name inver2015: '[3]BASE DE DATOS'!$A$306:$A$309
Name inver2015: '[3]BASE DE DATOS'!$A$306:$A$309
Name inver2015: '[3]BASE DE DATOS'!$A$306:$A$309
Name invers2015: '[3]BASE DE DATOS'!$A$2:$A$298
Name invers2015: '[3]BASE DE DATOS'!$A$2:$A$298
Name invers2015: '[3]BASE DE DATOS'!$A$2:$A$298
Name inversione2015: '[3]BASE DE DATOS'!$C$326:$C$336
Name inversione2015: '[3]BASE DE DATOS'!$C$326:$C$336
Name inversione2015: '[3]BASE DE DATOS'!$C$326:$C$336
Name LLLLLL: #REF!
Name LLLLLL: #REF!

Sheet INGRESOS
A1: INSTITUTO MUNICIPAL DE PLANEACION DE IRAPUATO GUANAJUATO
A2: PRONOSTICO DE INGRESOS 2026
A5: F F | B5: CRI | D5: INGRESOS
A7: 1126151100 | B7: 9103 | C7: APORTACIONES DEL MUNICIPIO | D7: 29474579
A8: TOTAL PRONOSTICO DE INGRESOS | D8: =SUM(D7:D7) -> 29474579

Sheet EGRESOS (2)
A1: INSTITUTO MUNICIPAL DE PLANEACION DE IRAPUATO GUANAJUATO
A2: PRESUPUESTO DE EGRESOS 2026
A3: Clasificación por objeto del gasto
A6: PARTIDA | B6: CONCEPTO | C6: EGRESOS
A8: 1130 | B8: SUELDOS BASE AL PERSONAL PERMANENTE | C8: 5330312.8
A9: 1321 | B9: PRIMA VACACIONAL | C9: 113799.72
A10: 1323 | B10: GRATIFICACION DE FIN DE AÑO | C10: 758664.78
A11: 1413 | B11: APORTACIONES IMSS | C11: 669022.25 | E11: 1631761.6 | F11: 0.41 | G11: =+E11*F11 -> 669022.25
A12: 1421 | B12: APORTACIONES INFONAVIT | C12: 440575.63 | F12: 0.27 | G12: =+E11*F12 -> 440575.63
A13: 1430 | B13: APORTACIONES AL SISTEMA PARA EL RETIRO | C13: 522163.71 | F13: 0.32 | G13: =+E11*F13 -> 522163.71
A14: 1520 | B14: INDEMNIZACIONES | C14: 1640571
A15: 1541 | B15: PREMIO DE ASISTENCIA | C15: 673238.7
A16: 1542 | B16: PREMIO DE PUNTUALIDAD | C16: =+C15 -> 673238.7
A17: 1543 | B17: DESPENSA | C17: 172830.55
A18: 1544 | B18: APOYO A LA CULTURA | C18: 76219.88
A19: 1590 | B19: OTRAS PRESTACIONES SOCIALES Y ECONOMICAS | C19: 6500
B20: SERVICIOS PERSONALES | C20: =SUM(C8:C19) -> 11077138
A21: 2110 | B21: MATERIALES Y ÚTILES DE OFICINA | C21: 24300
A22: 2120 | B22: MATERIALES Y UTILES DE IMPRESIÓN Y REPRODUCCIÓN | C22: 85000
A23: 2150 | B23: MATERIAL IMPRESO E INFORMACION DIGITAL | C23: 15000
A24: 2160 | B24: MATERIAL DE LIMPIEZA | C24: 12500
A25: 2211 | B25: PRODUCTOS ALIMENTICIOS PARA PERSONAL EN LAS INSTACIONES DEPENDENCIAS Y ENTIDADES | C25: 85000
A26: 2530 | B26: MEDICINAS Y PRODUCTOS FARMACEUTICOS | C26: 3000
A27: 2610 | B27: COMBUSTIBLES, LUBRICANTES Y ADITIVOS PARA MAQUINARIA Y SERVICIOS ADMINISTRATIVOS | C27: 51621
A28: 2710 | B28: VESTUARIO Y UNIFORMES | C28: 33600
A29: 2940 | B29: REFACCIONES Y ACCESORIOS MENORES DE EQUIPO COMPUTO TECNOLOGIAS DE LA INFORMACION | C29: 28500
B30: MATERIALES Y SUMINISTROS | C30: =SUM(C21:C29) -> 338521
A31: 3110 | B31: SERVICIO DE ENERGÍA ELÉCTRICA | C31: 140000
A32: 3130 | B32: SERVICIO DE AGUA | C32: 3600
A33: 3140 | B33: SERVICIO TELEFONÍA TRADICIONAL | C33: 28320
A34: 3150 | B34: SERVICIO TELEFONIA CELULAR | C34: 30000
A35: 3170 | B35: SERVICIOS DE ACCESO A INTERNET, REDES Y PROCESAMIENTO DE INFORMACION | C35: 278000 | D35: =((18000*1.16)*12)+15000 -> 265560
A36: 3180 | B36: SERVICIO POSTAL | C36: 5000
A37: 3220 | B37: ARRENDAMIENTO DE EDIFICIOS Y LOCALES | C37: 415149.24
A38: 3230 | B38: ARRENDAMIENTO DE MOBILIARIO Y EQUIPO DE ADMINISTRACION EDUCACIONAL Y RECREATIVO | C38: 60000
A39: 3290 | B39: OTROS ARRENDAMIENTOS | C39: 25000
A40: 3310 | B40: SERVICIO LEGALES DE CONTABILIDAD Y RELACIONADOS | C40: 315000
A41: 3360 | B41: SERVICIO APOYO ADMINISTRATIVO, FOTOCOPIADO E IMPRESIÓN | C41: 18500
A42: 3380 | B42: SERVICIO DE VIGILANCIA | C42: 4656
A43: 3390 | B43: SERVICIOS PROFESIONALES CIENTIFICOS TECNICOS INTEGRALES | C43: 15666999
A44: 3410 | B44: SERVICIOS FINANCIEROS Y BANCARIOS | C44: 9600 | G44: =+'EGRESOS (2)'!D66 -> 0
A45: 3450 | B45: SEGUROS DE BIENES PATRIMONIALES | C45: 30030
A46: 3510 | B46: CONSERVACIÓN Y MANTENIMIENTO DE INMUEBLES | C46: 25000
A47: 3520 | B47: INSTALACION, REPARACION Y MANTTO A MOBILIARIO Y EQUIPO DE ADMINISTRACION | C47: 15000
A48: 3530 | B48: INSTALACION, REPARACION Y MANTENIMIENTO DE EQUIPO DE COMPUTO Y TECNOLOGIAS INFORMACION | C48: 45000
A49: 3550 | B49: MANTENIMIENTO Y CONSERVACION DE VEHICULOS TERRESTRES, AEREOS, MARITIMOS. | C49: 55000
A50: 3570 | B50: INSTALACION, REPARACION Y MANTENIMIENTO DE MAQUINARIA OTROS EQUIPOS (ANTENAS SICAMI) | C50: 40000
A51: 3610 | B51: IMPRESIÓN Y ELABORACIÓN DE PUBLICACIONES OFICIALES Y DE INFORMACIÓN EN GENERAL. | C51: 45000
A52: 3710 | B52: PASAJES AEREOS | C52: 44000
A53: 3720 | B53: PASAJES TERRESTRES | C53: 35000
A54: 3750 | B54: VIATICOS EN EL PAIS | C54: 75000
A55: 3790 | B55: OTROS SERVICIOS DE TRASLADO Y HOSPEDAJE | C55: 25000
A56: 3820 | B56: GASTOS DE ORDEN SOCIAL Y CULTURAL | C56: 31500
... A60: 3980 | B60: IMPUESTO SOBRE NOMINAS | C60: 240766
B61: SERVICIOS GENERALES | C61: =SUM(C31:C60) -> 17993920
A62: 5110 | B62: MUEBLES DE OFICINA Y ESTANTERIA | C62: 15000
A63: 5150 | B63: COMPUTADORAS Y EQUIPO PERIFERICO | C63: 15000
A64: 5910 | B64: LICENCIAS INFORMATICAS E INTELECTUALES | C64: 35000
B65: BIENES MUEBLES, INMUEBLES E INTANGIBLES | C65: =SUM(C62:C64) -> 65000
A66: TOTAL PRESUPUESTO DE EGRESOS | C66: =+C65+C61+C30+C20 -> 29474579
C67: =+INGRESOS!D8-'EGRESOS (2)'!C66 -> -0.00013707951
C72: 11077138
C73: 338521
C74: 17993920
C75: 65000 | E75: SERVICIOS PERSONALES | F75: 11077138
E76: MATERIALES Y SUMINISTROS | F76: 338521
E77: SERVICIOS GENERALES | F77: 17993920
E78: BIENES MUEBLES, INMUEBLES E INTANGIBLES | F78: 65000
F79: =SUM(F75:F78) -> 29474579

Sheet ANALITICO
A1: INSTITUTO MUNICIPAL DE PLANEACION DE IRAPUATO GUANAJUATO
A2: PRESUPUESTO DE EGRESOS 2026
A3: Analítico de egresos
A6: U.R. | B6: PGR | C6: FIN | D6: PROP | E6: COMP | F6: ACT | G6: CODIGO PROGRAMÁTICO | M6: EGRESOS
A9: M150900400 Instituto Municipal de Planeación del Municipio de Irapuato, Gto | M9: =+M12+M29+M36+M41+M47+M52+M58+M63+M69+M74+M79+M84 -> 29474579 | N9: =+'EGRESOS (2)'!C66-M9 -> 0 | O9: =+M9-N9 -> 29474579
A10: M150900400 Instituto Municipal de Planeación del Municipio de Irapuato, Gto
A11: Programa de Gobierno Municipal 2024-2027
E12: SERVICIOS PERSONALES | M12: =+M25+M27 -> 11317904
G13: 1126151100 | H13: 31120M15P010000 | I13: 132 | J13: P0003 | K13: 1130 | L13: SUELDOS BASE | M13: 5330312.8
G14: 1126151100 | H14: 31120M15P010000 | I14: 132 | J14: P0003 | K14: 1321 | L14: PRIMA VACACIONAL | M14: 113799.72
G15: 1126151100 | H15: 31120M15P010000 | I15: 132 | J15: P0003 | K15: 1323 | L15: GRATIFICACIONES DE FIN DE AÑO | M15: 758664.78
G16: 1126151100 | H16: 31120M15P010000 | I16: 132 | J16: P0003 | K16: 1413 | L16: APORTACIONES IMSS | M16: 669022.25
G17: 1126151100 | H17: 31120M15P010000 | I17: 132 | J17: P0003 | K17: 1421 | L17: APORTACIONES AL SISTEMA DE VIVIENDA | M17: 440575.63
G18: 1126151100 | H18: 31120M15P010000 | I18: 132 | J18: P0003 | K18: 1430 | L18: APORTACIONES AL SISTEMA PARA EL RETIRO | M18: 522163.71
G19: 1126151100 | H19: 31120M15P010000 | I19: 132 | J19: P0003 | K19: 1520 | L19: INDEMNIZACIONES | M19: 1640571
G20: 1126151100 | H20: 31120M15P010000 | I20: 132 | J20: P0003 | K20: 1541 | L20: PREMIO DE PUNTUALIDAD | M20: 673238.7
G21: 1126151100 | H21: 31120M15P010000 | I21: 132 | J21: P0003 | K21: 1542 | L21: PREMIO DE ASISTENCIA | M21: 673238.7
G22: 1126151100 | H22: 31120M15P010000 | I22: 132 | J22: P0003 | K22: 1543 | L22: DESPENSA | M22: 172830.55
G23: 1126151100 | H23: 31120M15P010000 | I23: 132 | J23: P0003 | K23: 1544 | L23: APOYO A LA CULTURA | M23: 76219.88
G24: 1126151100 | H24: 31120M15P010000 | I24: 132 | J24: P0003 | K24: 1590 | L24: OTRAS PRESTACIONES | M24: 6500
L25: IMPORTE TOTAL PÓR SUELDOS Y SALARIOS | M25: =SUM(M13:M24) -> 11077138
G26: 1126151100 | H26: 31120M15P010000 | I26: 132 | J26: P0003 | K26: 3980 | L26: IMPUESTO SOBRE NOMINAS | M26: 240766
L27: IMPORTE TOTAL POR SERVICIOS GENERALES | M27: =SUM(M26) -> 240766
E28: PE03. Patrimonio Histórico | M28: =+M29 -> 1845000
E29: C4 | F29: Estrategias, lineamientos, objetivos y acciones en el Centro Histórico establecidas | M29: =+M30 -> 1845000
E30: C4A2 | F30: Plan control de riesgos y catlaogos de inmuebes de patrimonio cultural de la zona centro | M30: =+M31 -> 1845000
H31: IMPORTE TOTAL POR MATERIALES Y SUMINISTROS | M31: =+M32+M33 -> 1845000
G32: 1126151100 | H32: 31120M15P030000 | I32: 132 | J32: E10030402 | K32: 3390 | L32: SERVICIOS PROFESIONALES CIENTIFICOS TECNICOS INTEGRALES | M32: 1800000
G33: 1126151100 | H33: 31120M15P030000 | I33: 132 | J33: =+J32 -> E10030402 | K33: 3830 | L33: CONGRESOS Y CONVENCIONES | M33: 45000
H34: IMPORTE TOTAL POR SERVICIOS GENERALES | M34: =SUM(M33:M33) -> 45000
E35: PE07. Irapuato Tu Huella | M35: =+M36 -> 800000
E36: C1 | F36: Manual “Irapuato, Tu Huella” elaborado | M36: =+M37 -> 800000
E37: C1 A1 | F37: Generación de estrategias, lineamientos y políticas para fortalecer el sentido de pertenencia | M37: =+M39 -> 800000
G38: 1126151100 | H38: 31120M15P050000 | I38: 132 | J38: P10070101 | K38: 3390 | L38: SERVICIOS PROFESIONALES CIENTIFICOS TECNICOS INTEGRALES | M38: 800000
H39: IMPORTE TOTAL POR SERVICIOS GENERALES | M39: =SUM(M38:M38) -> 800000
E40: PE30. Alianza Gran Bajío | M40: =+M41 -> 835000
E41: C1 | F41: Colaboración entre empresas locales de diversos sectores económicos fortalecida | M41: =+M42 -> 835000
E42: C1 A1 | F42: Fomento a la colaboración entre empresas locales de diversos sectores económicos | M42: =+M45 -> 835000
G43: 1126151100 | H43: 31120M15P030000 | I43: 132 | J43: P10300101 | K43: 3390 | L43: SERVICIOS PROFESIONALES CIENTIFICOS TECNICOS INTEGRALES | M43: 800000
G44: 1126151100 | H44: 31120M15P030000 | I44: 132 | J44: =+J43 -> P10300101 | K44: 3830 | L44: CONGRESOS Y CONVENCIONES | M44: 35000
H45: IMPORTE TOTAL POR SERVICIOS GENERALES | M45: =SUM(M43:M44) -> 835000
E46: PE37. Accesibilidad universal en obras y equipamientos urbanos | M46: =+M47 -> 1200000
E47: C1 | F47: Igualdad de acceso garantizada | M47: =+M48 -> 1200000
E48: C1 A1 | F48: Manual de accesibilidad desarrollado | M48: =+M50 -> 1200000
G49: 1126151100 | H49: 31120M15P040000 | I49: 132 | J49: K10370101 | K49: 3390 | L49: SERVICIOS PROFESIONALES CIENTIFICOS TECNICOS INTEGRALES | M49: 1200000
H50: IMPORTE TOTAL POR SERVICIOS GENERALES | M50: =SUM(M49:M49) -> 1200000
E51: PE54. Vivienda. | M51: =+M52 -> 2035000
E52: C7 | F52: Políticas, objetivos, estrategias y líneas de acción prioritarias en materia de vivienda establecidas | M52: =+M53 -> 2035000
E53: C7 A1 | F53: Actualización del Programa Municipal de Vivienda | M53: =+M54+M55 -> 2035000
G54: 1126151100 | H54: 31120M15P030000 | I54: 132 | J54: K10540701 | K54: 3390 | L54: SERVICIOS PROFESIONALES CIENTIFICOS TECNICOS INTEGRALES | M54: 2000000
G55: 1126151100 | H55: 31120M15P030000 | I55: 132 | J55: =+J54 -> K10540701 | K55: 3830 | L55: CONGRESOS Y CONVENCIONES | M55: 35000
H56: IMPORTE TOTAL POR SERVICIOS GENERALES | M56: =SUM(M55:M55) -> 35000
E57: PE61. Sistema de Parques | M57: =+M58 -> 800000
E58: C3 | F58: Red de Infraestructura Verde creada | M58: =+M59 -> 800000
E59: C3 A1 | F59: Consolidación del Parque Irekua, Sistemas de Parques Irekua | M59: =+M61 -> 800000
G60: 1126151100 | H60: 31120M15P030000 | I60: 132 | J60: K10610301 | K60: 3390 | L60: SERVICIOS PROFESIONALES CIENTIFICOS TECNICOS INTEGRALES | M60: 800000
H61: IMPORTE TOTAL POR SERVICIOS GENERALES | M61: =SUM(M60:M60) -> 800000
E62: PE62.-Foro Urbano Sostenible | M62: =+M63 -> 115000
E63: C1 | F63: Participación Ciudadana Promovida | M63: =+M64 -> 115000
E64: C1 A1 | F64: Foro Urbano | M64: =+M65+M66 -> 115000
G65: 1126151100 | H65: 31120M15P030000 | I65: 132 | J65: P10620101 | K65: 3390 | L65: SERVICIOS PROFESIONALES CIENTIFICOS TECNICOS INTEGRALES | M65: 80000
G66: 1126151100 | H66: 31120M15P030000 | I66: 132 | J66: =+J65 -> P10620101 | K66: 3830 | L66: CONGRESOS Y CONVENCIONES | M66: 35000
H67: IMPORTE TOTAL POR SERVICIOS GENERALES | M67: =SUM(M66:M66) -> 35000
E68: PE64.-Tren de Pasajeros y Carga | M68: =+M69 -> 1600000
E69: C1 | F69: Crecimiento eonómico y turístico del municipio de Irapuato impulsado | M69: =+M70 -> 1600000
E70: C1 A1 | F70: Realización de un análisis técnico y de impacto para seleccionar el trazo más adecuado para el libramiento ferroviario. C1A1 Realización de un análisis técnico y de impacto para seleccionar el trazo del libramiento ferroviario | M70: =+M72 -> 1600000
G71: 1126151100 | H71: 31120M15P020000 | I71: 132 | J71: K10640101 | K71: 3390 | L71: SERVICIOS PROFESIONALES CIENTIFICOS TECNICOS INTEGRALES | M71: 1600000
H72: IMPORTE TOTAL POR SERVICIOS GENERALES | M72: =SUM(M71:M71) -> 1600000
E73: PE71. Presupuesto Participativo | M73: =+M74 -> 835000
E74: C1 | F74: Planeación participativa consolidada | M74: =+M75 -> 835000
E75: C1A1 | F75: Implemento de programas de planeación participativa en cada sector de la ciudad, promoviendo la involucración de la ciudadanía en todas las etapas de los proyectos. | M75: =+M76+M77 -> 835000
G76: 1126151100 | H76: 31120M15P020000 | I76: 132 | J76: P10710101 | K76: 3390 | L76: SERVICIOS PROFESIONALES CIENTIFICOS TECNICOS INTEGRALES | M76: 800000
G77: 1126151100 | H77: 31120M15P020000 | I77: 132 | J77: P10710101 | K77: 3830 | L77: CONGRESOS Y CONVENCIONES | M77: 35000
H78: IMPORTE TOTAL POR SERVICIOS GENERALES | M78: =SUM(M77:M77) -> 35000
E79: C2 | F79: Participación ciudadana en el presupuesto participativo, fomentada | M79: =+M80 -> 90000
E80: C1A2 | F80: TALLERES | M80: =+M81+M82 -> 90000
G81: 1126151100 | H81: 31120M15P010000 | I81: 132 | J81: P10710202 | K81: 3390 | L81: SERVICIOS PROFESIONALES CIENTIFICOS TECNICOS INTEGRALES | M81: 55000
G82: 1126151100 | H82: 31120M15P010000 | I82: 132 | J82: P10710202 | K82: 3830 | L82: CONGRESOS Y CONVENCIONES | M82: 35000
H83: IMPORTE TOTAL POR SERVICIOS GENERALES | M83: =SUM(M82:M82) -> 35000
E84: C1 | F84: Programa opertativo anual IMPLAN | M84: =+M85+M131+M173+M215 -> 8001675.5
E85: C1A1 | F85: Diseñar, gestionar, evaluar y dar seguimiento a los Instrumentos de Planeación | M85: =+M95+M126+M130 -> 6571769.7
G86: 1126151100 | H86: 31120M15P010000 | I86: 132 | J86: P20020101 | K86: 2110 | L86: MATERIALES Y ÚTILES DE OFICINA | M86: 9720
G87: 1126151100 | H87: 31120M15P010000 | I87: 132 | J87: P20020101 | K87: 2120 | L87: MATERIALES Y UTILES DE IMPRESIÓN Y REPRODUCCIÓN | M87: 34000
G88: 1126151100 | H88: 31120M15P010000 | I88: 132 | J88: P20020101 | K88: 2150 | L88: MATERIAL IMPRESO E INFORMACION DIGITAL | M88: 6000
G89: 1126151100 | H89: 31120M15P010000 | I89: 132 | J89: P20020101 | K89: 2160 | L89: MATERIAL DE LIMPIEZA | M89: 5000
G90: 1126151100 | H90: 31120M15P010000 | I90: 132 | J90: P20020101 | K90: 2211 | L90: PRODUCTOS ALIMENTICIOS PARA PERSONAL EN LAS INSTACIONES DEPENDENCIAS Y ENTIDADES | M90: 34000
G91: 1126151100 | H91: 31120M15P010000 | I91: 132 | J91: P20020101 | K91: 2530 | L91: MEDICINAS Y PRODUCTOS FARMACEUTICOS | M91: 1200
G92: 1126151100 | H92: 31120M15P010000 | I92: 132 | J92: P20020101 | K92: 2610 | L92: COMBUSTIBLES, LUBRICANTES Y ADITIVOS PARA MAQUINARIA, EQUIPO DE PRODUCCIÓN Y SERVICIOS ADMINISTRATIVOS | M92: 20648.4
G93: 1126151100 | H93: 31120M15P010000 | I93: 132 | J93: P20020101 | K93: 2710 | L93: VESTUARIO Y UNIFORMES | M93: 13440
G94: 1126151100 | H94: 31120M15P010000 | I94: 132 | J94: P20020101 | K94: 2940 | L94: REFACCIONES Y ACCESORIOS MENORES DE EQUIPO COMPUTO TECNOLOGIAS DE LA INFORMACION | M94: 11400
H95: IMPORTE TOTAL POR MATERIALES Y SUMINISTROS | M95: =SUM(M86:M94) -> 135408.4
G96: 1126151100 | H96: 31120M15P010000 | I96: 132 | J96: P20020101 | K96: 3110 | L96: SERVICIO DE ENERGÍA ELÉCTRICA | M96: 56000
G97: 1126151100 | H97: 31120M15P010000 | I97: 132 | J97: P20020101 | K97: 3130 | L97: SERVICIO DE AGUA | M97: 1440
G98: 1126151100 | H98: 31120M15P010000 | I98: 132 | J98: P20020101 | K98: 3140 | L98: SERVICIO TELEFONÍA TRADICIONAL | M98: 11328
G99: 1126151100 | H99: 31120M15P010000 | I99: 132 | J99: P20020101 | K99: 3150 | L99: SERVICIO TELEFONIA CELULAR | M99: 12000
G100: 1126151100 | H100: 31120M15P010000 | I100: 132 | J100: P20020101 | K100: 3170 | L100: SERVICIOS DE ACCESO A INTERNET, REDES Y PROCESAMIENTO DE INFORMACION | M100: 111200
G101: 1126151100 | H101: 31120M15P010000 | I101: 132 | J101: P20020101 | K101: 3180 | L101: SERVICIO POSTAL | M101: 2000
G102: 1126151100 | H102: 31120M15P010000 | I102: 132 | J102: P20020101 | K102: 3220 | L102: ARRENDAMIENTO DE EDIFICIOS Y LOCALES | M102: 166059.7
G103: 1126151100 | H103: 31120M15P010000 | I103: 132 | J103: P20020101 | K103: 3230 | L103: ARRENDAMIENTO DE MOBILIARIO Y EQUIPO DE ADMINISTRACION EDUCACIONAL Y RECREATIVO | M103: 24000
G104: 1126151100 | H104: 31120M15P010000 | I104: 132 | J104: P20020101 | K104: 3290 | L104: OTROS ARRENDAMIENTOS | M104: 10000
...

Sheet EGRESOS POR COMPONENTE DECIMALE
A1: INSTITUTO MUNICIPAL DE PLANEACION DE IRAPUATO GUANAJUATO | D1: SERV PERSONALES | E1: PE03. Patrimonio Histórico | F1: PE07 Irapuato tu huella | G1: PE30. Alianza Gran Bajío C2 | H1: PE37. Accesibilidad universal en obras y equipamientos urbanos | I1: PE54. Vivienda | J1: PE61. Sistema de Parques | K1: PE62 Foro Urbano Sostenible | L1: PE64.-Tren de Pasajeros y Carga C4 | M1: PE70. Diálogos permanentes. C5 | N1: PE71 PRESUPUESTO PARTICIPATIVO COPLADEMI | P1: Programa Operativo Anual IMPLAN C10
A2: PRESUPUESTO DE EGRESOS 2026 | D2: A1 | E2: AE11 | P2: Diseñar, gestionar, evaluar y dar seguimiento a los Instrumentos de Planeación | Q2: Realizar acciones de colaboacion con COPLADEG y COPLADEMI | R2: Consejo Directivo del IMPLAN, analizar y revisar las lineas de planeación para el desarrollo del municipio y | S2: Administrar y Fortalecer la infraestructura tecnológica y estructura operativa del IMPLAN
A3: Clasificación por objeto del gasto | E3: 0.05 | G3: 0.01 | H3: 0.01 | I3: 0.01 | K3: 0.1 | L3: 0.05 | M3: 0.05 | N3: 0.25 | O3: 0.01 | P3: 1 | T3: =SUM(D3:S3) -> 1.54 | U3: =1-T3 -> -0.54
D4: 0.63 | E4: 0.63 | F4: 0.37 | G4: =100/100 -> 1 | H4: 1 | I4: 0.5 | J4: 0.5 | K4: 1 | L4: 1 | M4: 1 | N4: 1 | O4: 1 | P4: 0.4 | Q4: 0.1 | R4: 0.1 | S4: 0.4
A6: PARTIDA | B6: CONCEPTO | C6: EGRESOS | T6: SUMA | U6: DIFERENCIA
A8: 1130 | B8: SUELDOS BASE AL PERSONAL PERMANENTE | C8: =+'EGRESOS (2)'!C8 -> 5330312.8 | D8: 0 | E8: 0 | F8: 0 | G8: 0 | H8: 0 | I8: 0 | J8: 0 | K8: 0 | L8: 0 | M8: 0 | N8: 0 | O8: 0 | P8: 0 | Q8: 0 | R8: 0 | S8: 5330312.8 | T8: =SUM(D8:S8) -> 5330312.8 | U8: =+C8-T8 -> 0
A9: 1321 | B9: PRIMA VACACIONAL | C9: =+'EGRESOS (2)'!C9 -> 113799.72 | D9: 0 | E9: 0 | F9: 0 | G9: 0 | H9: 0 | I9: 0 | J9: 0 | K9: 0 | L9: 0 | M9: 0 | N9: 0 | O9: 0 | P9: 0 | Q9: 0 | R9: 0 | S9: 113799.72 | T9: =SUM(D9:S9) -> 113799.72 | U9: =+C9-T9 -> 0
A10: 1323 | B10: GRATIFICACION DE FIN DE AÑO | C10: =+'EGRESOS (2)'!C10 -> 758664.78 | D10: 0 | E10: 0 | F10: 0 | G10: 0 | H10: 0 | I10: 0 | J10: 0 | K10: 0 | L10: 0 | M10: 0 | N10: 0 | O10: 0 | P10: 0 | Q10: 0 | R10: 0 | S10: 758664.78 | T10: =SUM(D10:S10) -> 758664.78 | U10: =+C10-T10 -> 0
A11: 1413 | B11: APORTACIONES IMSS | C11: =+'EGRESOS (2)'!C11 -> 669022.25 | D11: 0 | E11: 0 | F11: 0 | G11: 0 | H11: 0 | I11: 0 | J11: 0 | K11: 0 | L11: 0 | M11: 0 | N11: 0 | O11: 0 | P11: 0 | Q11: 0 | R11: 0 | S11: 669022.25 | T11: =SUM(D11:S11) -> 669022.25 | U11: =+C11-T11 -> 0
A12: 1421 | B12: APORTACIONES INFONAVIT | C12: =+'EGRESOS (2)'!C12 -> 440575.63 | D12: 0 | E12: 0 | F12: 0 | G12: 0 | H12: 0 | I12: 0 | J12: 0 | K12: 0 | L12: 0 | M12: 0 | N12: 0 | O12: 0 | P12: 0 | Q12: 0 | R12: 0 | S12: 440575.63 | T12: =SUM(D12:S12) -> 440575.63 | U12: =+C12-T12 -> 0
A13: 1430 | B13: APORTACIONES AL SISTEMA PARA EL RETIRO | C13: =+'EGRESOS (2)'!C13 -> 522163.71 | D13: 0 | E13: 0 | F13: 0 | G13: 0 | H13: 0 | I13: 0 | J13: 0 | K13: 0 | L13: 0 | M13: 0 | N13: 0 | O13: 0 | P13: 0 | Q13: 0 | R13: 0 | S13: 522163.71 | T13: =SUM(D13:S13) -> 522163.71 | U13: =+C13-T13 -> 0
A14: 1520 | B14: INDEMNIZACIONES | C14: =+'EGRESOS (2)'!C14 -> 1640571 | D14: 0 | E14: 0 | F14: 0 | G14: 0 | H14: 0 | I14: 0 | J14: 0 | K14: 0 | L14: 0 | M14: 0 | N14: 0 | O14: 0 | P14: 0 | Q14: 0 | R14: 0 | S14: 1640571 | T14: =SUM(D14:S14) -> 1640571 | U14: =+C14-T14 -> 0
A15: 1541 | B15: PREMIO DE ASISTENCIA | C15: =+'EGRESOS (2)'!C15 -> 673238.7 | D15: 0 | E15: 0 | F15: 0 | G15: 0 | H15: 0 | I15: 0 | J15: 0 | K15: 0 | L15: 0 | M15: 0 | N15: 0 | O15: 0 | P15: 0 | Q15: 0 | R15: 0 | S15: 673238.7 | T15: =SUM(D15:S15) -> 673238.7 | U15: =+C15-T15 -> 0
A16: 1542 | B16: PREMIO DE PUNTUALIDAD | C16: =+'EGRESOS (2)'!C16 -> 673238.7 | D16: 0 | E16: 0 | F16: 0 | G16: 0 | H16: 0 | I16: 0 | J16: 0 | K16: 0 | L16: 0 | M16: 0 | N16: 0 | O16: 0 | P16: 0 | Q16: 0 | R16: 0 | S16: 673238.7 | T16: =SUM(D16:S16) -> 673238.7 | U16: =+C16-T16 -> 0
A17: 1543 | B17: DESPENSA | C17: =+'EGRESOS (2)'!C17 -> 172830.55 | D17: 0 | E17: 0 | F17: 0 | G17: 0 | H17: 0 | I17: 0 | J17: 0 | K17: 0 | L17: 0 | M17: 0 | N17: 0 | O17: 0 | P17: 0 | Q17: 0 | R17: 0 | S17: 172830.55 | T17: =SUM(D17:S17) -> 172830.55 | U17: =+C17-T17 -> 0
A18: 1544 | B18: APOYO A LA CULTURA | C18: =+'EGRESOS (2)'!C18 -> 76219.88 | D18: 0 | E18: 0 | F18: 0 | G18: 0 | H18: 0 | I18: 0 | J18: 0 | K18: 0 | L18: 0 | M18: 0 | N18: 0 | O18: 0 | P18: 0 | Q18: 0 | R18: 0 | S18: 76219.88 | T18: =SUM(D18:S18) -> 76219.88 | U18: =+C18-T18 -> 0
A19: 1590 | B19: OTRAS PRESTACIONES SOCIALES Y ECONOMICAS | C19: =+'EGRESOS (2)'!C19 -> 6500 | D19: 0 | E19: 0 | F19: 0 | G19: 0 | H19: 0 | I19: 0 | J19: 0 | K19: 0 | L19: 0 | M19: 0 | N19: 0 | O19: 0 | P19: 0 | Q19: 0 | R19: 0 | S19: 6500 | T19: =SUM(D19:S19) -> 6500 | U19: =+C19-T19 -> 0
A20: 3980 | B20: IMPUESTO SOBRE NOMINAS | C20: =+'EGRESOS (2)'!C60 -> 240766 | D20: 0 | E20: 0 | F20: 0 | G20: 0 | H20: 0 | I20: 0 | J20: 0 | K20: 0 | L20: 0 | M20: 0 | N20: 0 | O20: 0 | P20: 0 | Q20: 0 | R20: 0 | S20: 240766 | T20: =SUM(D20:S20) -> 240766 | U20: =+C20-T20 -> 0
B21: SERVICIOS PERSONALES | C21: =SUM(C8:C20) -> 11317904 | D21: =SUM(D8:D20) -> 0 | E21: =SUM(E8:E20) -> 0 | F21: =SUM(F8:F20) -> 0 | G21: =SUM(G8:G20) -> 0 | H21: =SUM(H8:H20) -> 0 | I21: =SUM(I8:I20) -> 0 | J21: =SUM(J8:J20) -> 0 | ... U21: =SUM(U8:U20) -> 0
A22: 2110 | B22: MATERIALES Y ÚTILES DE OFICINA | C22: =+'EGRESOS (2)'!C21 -> 24300 | D22: 0 | E22: 0 | F22: 0 | G22: 0 | H22: 0 | I22: 0 | J22: 0 | K22: 0 | L22: 0 | M22: 0 | N22: 0 | O22: 0 | P22: =(+C22*$P$3)*$P$4 -> 9720 | Q22: =(+C22*$P$3)*$Q$4 -> 2430 | R22: =(+C22*$P$3)*$R$4 -> 2430 | S22: =(+C22*$P$3)*$S$4 -> 9720 | T22: =SUM(E22:S22) -> 24300 | U22: =+T22-C22 -> 0
A23: 2120 | B23: MATERIALES Y UTILES DE IMPRESIÓN Y REPRODUCCIÓN | C23: =+'EGRESOS (2)'!C22 -> 85000 | D23: 0 | E23: 0 | F23: 0 | G23: 0 | H23: 0 | I23: 0 | J23: 0 | K23: 0 | L23: 0 | M23: 0 | N23: 0 | O23: 0 | P23: =(+C23*$P$3)*$P$4 -> 34000 | Q23: =(+C23*$P$3)*$Q$4 -> 8500 | R23: =(+C23*$P$3)*$R$4 -> 8500 | S23: =(+C23*$P$3)*$S$4 -> 34000 | T23: =SUM(E23:S23) -> 85000 | U23: =+T23-C23 -> 0
A24: 2150 | B24: MATERIAL IMPRESO E INFORMACION DIGITAL | C24: =+'EGRESOS (2)'!C23 -> 15000 | D24: 0 | E24: 0 | F24: 0 | G24: 0 | H24: 0 | I24: 0 | J24: 0 | K24: 0 | L24: 0 | M24: 0 | N24: 0 | O24: 0 | P24: =(+C24*$P$3)*$P$4 -> 6000 | Q24: =(+C24*$P$3)*$Q$4 -> 1500 | R24: =(+C24*$P$3)*$R$4 -> 1500 | S24: =(+C24*$P$3)*$S$4 -> 6000 | T24: =SUM(E24:S24) -> 15000 | U24: =+T24-C24 -> 0
A25: 2160 | B25: MATERIAL DE LIMPIEZA | C25: =+'EGRESOS (2)'!C24 -> 12500 | D25: 0 | E25: 0 | F25: 0 | G25: 0 | H25: 0 | I25: 0 | J25: 0 | K25: 0 | L25: 0 | M25: 0 | N25: 0 | O25: 0 | P25: =(+C25*$P$3)*$P$4 -> 5000 | Q25: =(+C25*$P$3)*$Q$4 -> 1250 | R25: =(+C25*$P$3)*$R$4 -> 1250 | S25: =(+C25*$P$3)*$S$4 -> 5000 | T25: =SUM(E25:S25) -> 12500 | U25: =+T25-C25 -> 0
A26: 2211 | B26: PRODUCTOS ALIMENTICIOS PARA PERSONAL EN LAS INSTACIONES DEPENDENCIAS Y ENTIDADES | C26: =+'EGRESOS (2)'!C25 -> 85000 | D26: 0 | E26: 0 | F26: 0 | G26: 0 | H26: 0 | I26: 0 | J26: 0 | K26: 0 | L26: 0 | M26: 0 | N26: 0 | O26: 0 | P26: =(+C26*$P$3)*$P$4 -> 34000 | Q26: =(+C26*$P$3)*$Q$4 -> 8500 | R26: =(+C26*$P$3)*$R$4 -> 8500 | S26: =(+C26*$P$3)*$S$4 -> 34000 | T26: =SUM(E26:S26) -> 85000 | U26: =+T26-C26 -> 0
A27: 2530 | B27: MEDICINAS Y PRODUCTOS FARMACEUTICOS | C27: =+'EGRESOS (2)'!C26 -> 3000 | D27: 0 | E27: 0 | F27: 0 | G27: 0 | H27: 0 | I27: 0 | J27: 0 | K27: 0 | L27: 0 | M27: 0 | N27: 0 | O27: 0 | P27: =(+C27*$P$3)*$P$4 -> 1200 | Q27: =(+C27*$P$3)*$Q$4 -> 300 | R27: =(+C27*$P$3)*$R$4 -> 300 | S27: =(+C27*$P$3)*$S$4 -> 1200 | T27: =SUM(E27:S27) -> 3000 | U27: =+T27-C27 -> 0
A28: 2611 | B28: COMBUSTIBLES, LUBRICANTES Y ADITIVOS PARA MAQUINARIA Y SERVICIOS ADMINISTRATIVOS | C28: =+'EGRESOS (2)'!C27 -> 51621 | D28: 0 | E28: 0 | F28: 0 | G28: 0 | H28: 0 | I28: 0 | J28: 0 | K28: 0 | L28: 0 | M28: 0 | N28: 0 | O28: 0 | P28: =(+C28*$P$3)*$P$4 -> 20648.4 | Q28: =(+C28*$P$3)*$Q$4 -> 5162.1 | R28: =(+C28*$P$3)*$R$4 -> 5162.1 | S28: =(+C28*$P$3)*$S$4 -> 20648.4 | T28: =SUM(E28:S28) -> 51621 | U28: =+T28-C28 -> 0
A29: 2710 | B29: VESTUARIO Y UNIFORMES | C29: =+'EGRESOS (2)'!C28 -> 33600 | D29: 0 | E29: 0 | F29: 0 | G29: 0 | H29: 0 | I29: 0 | J29: 0 | K29: 0 | L29: 0 | M29: 0 | N29: 0 | O29: 0 | P29: =(+C29*$P$3)*$P$4 -> 13440 | Q29: =(+C29*$P$3)*$Q$4 -> 3360 | R29: =(+C29*$P$3)*$R$4 -> 3360 | S29: =(+C29*$P$3)*$S$4 -> 13440 | T29: =SUM(E29:S29) -> 33600 | U29: =+T29-C29 -> 0
A30: 2940 | B30: REFACCIONES Y ACCESORIOS MENORES DE EQUIPO COMPUTO TECNOLOGIAS DE LA INFORMACION | C30: =+'EGRESOS (2)'!C29 -> 28500 | D30: 0 | E30: 0 | F30: 0 | G30: 0 | H30: 0 | I30: 0 | J30: 0 | K30: 0 | L30: 0 | M30: 0 | N30: 0 | O30: 0 | P30: =(+C30*$P$3)*$P$4 -> 11400 | Q30: =(+C30*$P$3)*$Q$4 -> 2850 | R30: =(+C30*$P$3)*$R$4 -> 2850 | S30: =(+C30*$P$3)*$S$4 -> 11400 | T30: =SUM(E30:S30) -> 28500 | U30: =+T30-C30 -> 0
B31: MATERIALES Y SUMINISTROS | C31: =SUM(C22:C30) -> 338521 | D31: =SUM(D22:D30) -> 0 | E31: =SUM(E22:E30) -> 0 | F31: =SUM(F22:F30) -> 0 | G31: =SUM(G22:G30) -> 0 | H31: =SUM(H22:H30) -> 0 | I31: =SUM(I22:I30) -> 0 | J31: =SUM(J22:J30) -> 0 | ... U31: =SUM(U22:U30) -> 0
A32: 3110 | B32: SERVICIO DE ENERGÍA ELÉCTRICA | C32: =+'EGRESOS (2)'!C31 -> 140000 | D32: 0 | E32: 0 | F32: 0 | G32: 0 | H32: 0 | I32: 0 | J32: 0 | K32: 0 | L32: 0 | M32: 0 | N32: 0 | O32: 0 | P32: =(+C32*$P$3)*$P$4 -> 56000 | Q32: =(+C32*$P$3)*$Q$4 -> 14000 | R32: =(+C32*$P$3)*$R$4 -> 14000 | S32: =(+C32*$P$3)*$S$4 -> 56000 | T32: =SUM(E32:S32) -> 140000 | U32: =+T32-C32 -> 0 | V32: 3110 | W32: =+A32-V32 -> 0
A33: 3130 | B33: SERVICIO DE AGUA | C33: =+'EGRESOS (2)'!C32 -> 3600 | D33: 0 | E33: 0 | F33: 0 | G33: 0 | H33: 0 | I33: 0 | J33: 0 | K33: 0 | L33: 0 | M33: 0 | N33: 0 | O33: 0 | P33: =(+C33*$P$3)*$P$4 -> 1440 | Q33: =(+C33*$P$3)*$Q$4 -> 360 | R33: =(+C33*$P$3)*$R$4 -> 360 | S33: =(+C33*$P$3)*$S$4 -> 1440 | T33: =SUM(E33:S33) -> 3600 | U33: =+T33-C33 -> 0 | V33: 3111
A34: 3140 | B34: SERVICIO TELEFONÍA TRADICIONAL | C34: =+'EGRESOS (2)'!C33 -> 28320 | D34: 0 | E34: 0 | F34: 0 | G34: 0 | H34: 0 | I34: 0 | J34: 0 | K34: 0 | L34: 0 | M34: 0 | N34: 0 | O34: 0 | P34: =(+C34*$P$3)*$P$4 -> 11328 | Q34: =(+C34*$P$3)*$Q$4 -> 2832 | R34: =(+C34*$P$3)*$R$4 -> 2832 | S34: =(+C34*$P$3)*$S$4 -> 11328 | T34: =SUM(E34:S34) -> 28320 | U34: =+T34-C34 -> 0 | V34: 3130
A35: 3150 | B35: SERVICIO TELEFONIA CELULAR | C35: =+'EGRESOS (2)'!C34 -> 30000 | D35: 0 | E35: 0 | F35: 0 | G35: 0 | H35: 0 | I35: 0 | J35: 0 | K35: 0 | L35: 0 | M35: 0 | N35: 0 | O35: 0 | P35: =(+C35*$P$3)*$P$4 -> 12000 | Q35: =(+C35*$P$3)*$Q$4 -> 3000 | R35: =(+C35*$P$3)*$R$4 -> 3000 | S35: =(+C35*$P$3)*$S$4 -> 12000 | T35: =SUM(E35:S35) -> 30000 | U35: =+T35-C35 -> 0 | V35: 3140
A36: 3170 | B36: SERVICIOS DE ACCESO A INTERNET, REDES Y PROCESAMIENTO DE INFORMACION | C36: =+'EGRESOS (2)'!C35 -> 278000 | D36: 0 | E36: 0 | F36: 0 | G36: 0 | H36: 0 | I36: 0 | J36: 0 | K36: 0 | L36: 0 | M36: 0 | N36: 0 | O36: 0 | P36: =(+C36*$P$3)*$P$4 -> 111200 | Q36: =(+C36*$P$3)*$Q$4 -> 27800 | R36: =(+C36*$P$3)*$R$4 -> 27800 | S36: =(+C36*$P$3)*$S$4 -> 111200 | T36: =SUM(E36:S36) -> 278000 | U36: =+T36-C36 -> 0 | V36: 3150
A37: 3180 | B37: SERVICIO POSTAL | C37: =+'EGRESOS (2)'!C36 -> 5000 | D37: 0 | E37: 0 | F37: 0 | G37: 0 | H37: 0 | I37: 0 | J37: 0 | K37: 0 | L37: 0 | M37: 0 | N37: 0 | O37: 0 | P37: =(+C37*$P$3)*$P$4 -> 2000 | Q37: =(+C37*$P$3)*$Q$4 -> 500 | R37: =(+C37*$P$3)*$R$4 -> 500 | S37: =(+C37*$P$3)*$S$4 -> 2000 | T37: =SUM(E37:S37) -> 5000 | U37: =+T37-C37 -> 0 | V37: 3170
A38: 3220 | B38: ARRENDAMIENTO DE EDIFICIOS Y LOCALES | C38: =+'EGRESOS (2)'!C37 -> 415149.24 | D38: 0 | E38: 0 | F38: 0 | G38: 0 | H38: 0 | I38: 0 | J38: 0 | K38: 0 | L38: 0 | M38: 0 | N38: 0 | O38: 0 | P38: =(+C38*$P$3)*$P$4 -> 166059.7 | Q38: =(+C38*$P$3)*$Q$4 -> 41514.924 | R38: =(+C38*$P$3)*$R$4 -> 41514.924 | S38: =(+C38*$P$3)*$S$4 -> 166059.7 | T38: =SUM(E38:S38) -> 415149.24 | U38: =+T38-C38 -> 0 | V38: 3180
A39: 3230 | B39: ARRENDAMIENTO DE MOBILIARIO Y EQUIPO DE ADMINISTRACION EDUCACIONAL Y RECREATIVO | C39: =+'EGRESOS (2)'!C38 -> 60000 | D39: 0 | E39: 0 | F39: 0 | G39: 0 | H39: 0 | I39: 0 | J39: 0 | K39: 0 | L39: 0 | M39: 0 | N39: 0 | O39: 0 | P39: =(+C39*$P$3)*$P$4 -> 24000 | Q39: =(+C39*$P$3)*$Q$4 -> 6000 | R39: =(+C39*$P$3)*$R$4 -> 6000 | S39: =(+C39*$P$3)*$S$4 -> 24000 | T39: =SUM(E39:S39) -> 60000 | U39: =+T39-C39 -> 0 | V39: 3180
A40: 3290 | B40: OTROS ARRENDAMIENTOS | C40: =+'EGRESOS (2)'!C39 -> 25000 | D40: 0 | E40: 0 | F40: 0 | G40: 0 | H40: 0 | I40: 0 | J40: 0 | K40: 0 | L40: 0 | M40: 0 | N40: 0 | O40: 0 | P40: =(+C40*$P$3)*$P$4 -> 10000 | Q40: =(+C40*$P$3)*$Q$4 -> 2500 | R40: =(+C40*$P$3)*$R$4 -> 2500 | S40: =(+C40*$P$3)*$S$4 -> 10000 | T40: =SUM(E40:S40) -> 25000 | U40: =+T40-C40 -> 0 | V40: 3220
A41: 3310 | B41: SERVICIO LEGALES DE CONTABILIDAD Y RELACIONADOS | C41: =+'EGRESOS (2)'!C40 -> 315000 | D41: 0 | E41: 0 | F41: 0 | G41: 0 | H41: 0 | I41: 0 | J41: 0 | K41: 0 | L41: 0 | M41: 0 | N41: 0 | O41: 0 | P41: 0 | Q41: 0 | R41: 0 | S41: 315000 | T41: =SUM(E41:S41) -> 315000 | U41: =+T41-C41 -> 0 | V41: 3290
A42: 3360 | B42: SERVICIO APOYO ADMINISTRATIVO, FOTOCOPIADO E IMPRESIÓN | C42: =+'EGRESOS (2)'!C41 -> 18500 | D42: 0 | E42: 0 | F42: 0 | G42: 0 | H42: 0 | I42: 0 | J42: 0 | K42: 0 | L42: 0 | M42: 0 | N42: 0 | O42: 0 | P42: =(+C42*$P$3)*$P$4 -> 7400 | Q42: =(+C42*$P$3)*$Q$4 -> 1850 | R42: =(+C42*$P$3)*$R$4 -> 1850 | S42: =(+C42*$P$3)*$S$4 -> 7400 | T42: =SUM(E42:S42) -> 18500 | U42: =+T42-C42 -> 0 | V42: 3310
A43: 3380 | B43: SERVICIO DE VIGILANCIA | C43: =+'EGRESOS (2)'!C42 -> 4656 | D43: 0 | E43: 0 | F43: 0 | G43: 0 | H43: 0 | I43: 0 | J43: 0 | K43: 0 | L43: 0 | M43: 0 | N43: 0 | O43: 0 | P43: =(+C43*$P$3)*$P$4 -> 1862.4 | Q43: =(+C43*$P$3)*$Q$4 -> 465.6 | R43: =(+C43*$P$3)*$R$4 -> 465.6 | S43: =(+C43*$P$3)*$S$4 -> 1862.4 | T43: =SUM(E43:S43) -> 4656 | U43: =+T43-C43 -> 0 | V43: 3360
A44: 3390 | B44: SERVICIOS PROFESIONALES CIENTIFICOS TECNICOS INTEGRALES | C44: =+'EGRESOS (2)'!C43 -> 15666999 | D44: 0 | E44: 1800000 | F44: 800000 | G44: 800000 | H44: 1200000 | I44: 2000000 | J44: 800000 | K44: 80000 | L44: 1600000 | M44: 800000 | N44: 55000 | P44: 5731999.2 | Q44: 0 | R44: 0 | S44: 0 | T44: =SUM(E44:R44) -> 15666999 | U44: =+T44-C44 -> 0 | V44: 3380
A45: 3410 | B45: SERVICIOS FINANCIEROS Y BANCARIOS | C45: =+'EGRESOS (2)'!C44 -> 9600 | D45: 0 | E45: 0 | F45: 0 | G45: 0 | H45: 0 | I45: 0 | J45: 0 | K45: 0 | L45: 0 | M45: 0 | N45: 0 | O45: 0 | P45: =(+C45*$P$3)*$P$4 -> 3840 | Q45: =(+C45*$P$3)*$Q$4 -> 960 | R45: =(+C45*$P$3)*$R$4 -> 960 | S45: =(+C45*$P$3)*$S$4 -> 3840 | T45: =SUM(E45:S45) -> 9600 | U45: =+T45-C45 -> 0 | V45: 3390
A46: 3450 | B46: SEGUROS DE BIENES PATRIMONIALES | C46: =+'EGRESOS (2)'!C45 -> 30030 | D46: 0 | E46: 0 | F46: 0 | G46: 0 | H46: 0 | I46: 0 | J46: 0 | K46: 0 | L46: 0 | M46: 0 | N46: 0 | O46: 0 | P46: =(+C46*$P$3)*$P$4 -> 12012 | Q46: =(+C46*$P$3)*$Q$4 -> 3003 | R46: =(+C46*$P$3)*$R$4 -> 3003 | S46: =(+C46*$P$3)*$S$4 -> 12012 | T46: =SUM(E46:S46) -> 30030 | U46: =+T46-C46 -> 0 | V46: 3390
A47: 3510 | B47: CONSERVACIÓN Y MANTENIMIENTO DE INMUEBLES | C47: =+'EGRESOS (2)'!C46 -> 25000 | D47: 0 | E47: 0 | F47: 0 | G47: 0 | H47: 0 | I47: 0 | J47: 0 | K47: 0 | L47: 0 | M47: 0 | N47: 0 | O47: 0 | P47: =(+C47*$P$3)*$P$4 -> 10000 | Q47: =(+C47*$P$3)*$Q$4 -> 2500 | R47: =(+C47*$P$3)*$R$4 -> 2500 | S47: =(+C47*$P$3)*$S$4 -> 10000 | T47: =SUM(E47:S47) -> 25000 | U47: =+T47-C47 -> 0 | V47: 3390
A48: 3520 | B48: INSTALACION, REPARACION Y MANTTO A MOBILIARIO Y EQUIPO DE ADMINISTRACION | C48: =+'EGRESOS (2)'!C47 -> 15000 | D48: 0 | E48: 0 | F48: 0 | G48: 0 | H48: 0 | I48: 0 | J48: 0 | K48: 0 | L48: 0 | M48: 0 | N48: 0 | O48: 0 | P48: =(+C48*$P$3)*$P$4 -> 6000 | Q48: =(+C48*$P$3)*$Q$4 -> 1500 | R48: =(+C48*$P$3)*$R$4 -> 1500 | S48: =(+C48*$P$3)*$S$4 -> 6000 | T48: =SUM(E48:S48) -> 15000 | U48: =+T48-C48 -> 0 | V48: 3410
A49: 3530 | B49: INSTALACION, REPARACION Y MANTENIMIENTO DE EQUIPO DE COMPUTO Y TECNOLOGIAS INFORMACION | C49: =+'EGRESOS (2)'!C48 -> 45000 | D49: 0 | E49: 0 | F49: 0 | G49: 0 | H49: 0 | I49: 0 | J49: 0 | K49: 0 | L49: 0 | M49: 0 | N49: 0 | O49: 0 | P49: =(+C49*$P$3)*$P$4 -> 18000 | Q49: =(+C49*$P$3)*$Q$4 -> 4500 | R49: =(+C49*$P$3)*$R$4 -> 4500 | S49: =(+C49*$P$3)*$S$4 -> 18000 | T49: =SUM(E49:S49) -> 45000 | U49: =+T49-C49 -> 0 | V49: 3450
A50: 3550 | B50: MANTENIMIENTO Y CONSERVACION DE VEHICULOS TERRESTRES, AEREOS, MARITIMOS. | C50: =+'EGRESOS (2)'!C49 -> 55000 | D50: 0 | E50: 0 | F50: 0 | G50: 0 | H50: 0 | I50: 0 | J50: 0 | K50: 0 | L50: 0 | M50: 0 | N50: 0 | O50: 0 | P50: =(+C50*$P$3)*$P$4 -> 22000 | Q50: =(+C50*$P$3)*$Q$4 -> 5500 | R50: =(+C50*$P$3)*$R$4 -> 5500 | S50: =(+C50*$P$3)*$S$4 -> 22000 | T50: =SUM(E50:S50) -> 55000 | U50: =+T50-C50 -> 0 | V50: 3510
A51: 3570 | B51: INSTALACION, REPARACION Y MANTENIMIENTO DE MAQUINARIA OTROS EQUIPOS (ANTENAS SICAMI) | C51: =+'EGRESOS (2)'!C50 -> 40000 | D51: 0 | E51: 0 | F51: 0 | G51: 0 | H51: 0 | I51: 0 | J51: 0 | K51: 0 | L51: 0 | M51: 0 | N51: 0 | O51: 0 | P51: =(+C51*$P$3)*$P$4 -> 16000 | Q51: =(+C51*$P$3)*$Q$4 -> 4000 | R51: =(+C51*$P$3)*$R$4 -> 4000 | S51: =(+C51*$P$3)*$S$4 -> 16000 | T51: =SUM(E51:S51) -> 40000 | U51: =+T51-C51 -> 0 | V51: 3520
A52: 3610 | B52: IMPRESIÓN Y ELABORACIÓN DE PUBLICACIONES OFICIALES Y DE INFORMACIÓN EN GENERAL. | C52: =+'EGRESOS (2)'!C51 -> 45000 | D52: 0 | E52: 0 | F52: 0 | G52: 0 | H52: 0 | I52: 0 | J52: 0 | K52: 0 | L52: 0 | M52: 0 | N52: 0 | O52: 0 | P52: =(+C52*$P$3)*$P$4 -> 18000 | Q52: =(+C52*$P$3)*$Q$4 -> 4500 | R52: =(+C52*$P$3)*$R$4 -> 4500 | S52: =(+C52*$P$3)*$S$4 -> 18000 | T52: =SUM(E52:S52) -> 45000 | U52: =+T52-C52 -> 0 | V52: 3530
A53: 3710 | B53: PASAJEA AEREOS | C53: =+'EGRESOS (2)'!C52 -> 44000 | D53: 0 | E53: 0 | F53: 0 | G53: 0 | H53: 0 | I53: 0 | J53: 0 | K53: 0 | L53: 0 | M53: 0 | N53: 0 | O53: 0 | P53: =(+C53*$P$3)*$P$4 -> 17600 | Q53: =(+C53*$P$3)*$Q$4 -> 4400 | R53: =(+C53*$P$3)*$R$4 -> 4400 | S53: =(+C53*$P$3)*$S$4 -> 17600 | T53: =SUM(E53:S53) -> 44000 | U53: =+T53-C53 -> 0 | V53: 3550
A54: 3720 | B54: PASAJES TERRESTRES | C54: =+'EGRESOS (2)'!C53 -> 35000 | D54: 0 | E54: 0 | F54: 0 | G54: 0 | H54: 0 | I54: 0 | J54: 0 | K54: 0 | L54: 0 | M54: 0 | N54: 0 | O54: 0 | P54: =(+C54*$P$3)*$P$4 -> 14000 | Q54: =(+C54*$P$3)*$Q$4 -> 3500 | R54: =(+C54*$P$3)*$R$4 -> 3500 | S54: =(+C54*$P$3)*$S$4 -> 14000 | T54: =SUM(E54:S54) -> 35000 | U54: =+T54-C54 -> 0 | V54: 3571
A55: 3750 | B55: VIATICOS EN EL PAIS | C55: =+'EGRESOS (2)'!C54 -> 75000 | D55: 0 | E55: 0 | F55: 0 | G55: 0 | H55: 0 | I55: 0 | J55: 0 | K55: 0 | L55: 0 | M55: 0 | N55: 0 | O55: 0 | P55: =(+C55*$P$3)*$P$4 -> 30000 | Q55: =(+C55*$P$3)*$Q$4 -> 7500 | R55: =(+C55*$P$3)*$R$4 -> 7500 | S55: =(+C55*$P$3)*$S$4 -> 30000 | T55: =SUM(E55:S55) -> 75000 | U55: =+T55-C55 -> 0 | V55: 3610
A56: 3790 | B56: OTROS SERVICIOS DE TRASLADO Y HOSPEDAJE | C56: =+'EGRESOS (2)'!C55 -> 25000 | D56: 0 | E56: 0 | F56: 0 | G56: 0 | H56: 0 | I56: 0 | J56: 0 | K56: 0 | L56: 0 | M56: 0 | N56: 0 | O56: 0 | P56: =(+C56*$P$3)*$P$4 -> 10000 | Q56: =(+C56*$P$3)*$Q$4 -> 2500 | R56: =(+C56*$P$3)*$R$4 -> 2500 | S56: =(+C56*$P$3)*$S$4 -> 10000 | T56: =SUM(E56:S56) -> 25000 | U56: =+T56-C56 -> 0 | V56: 3720
A57: 3820 | B57: GASTOS DE ORDEN SOCIAL Y CULTURAL | C57: =+'EGRESOS (2)'!C56 -> 31500 | D57: 0 | E57: 0 | F57: 0 | G57: 0 | H57: 0 | I57: 0 | J57: 0 | K57: 0 | L57: 0 | M57: 0 | N57: 0 | O57: 0 | P57: 31500 | Q57: 0 | R57: 0 | S57: 0 | T57: =SUM(E57:S57) -> 31500 | U57: =+T57-C57 -> 0 | V57: 3750
A58: 3830 | B58: CONGRESOS Y CONVENCIONES | C58: =+'EGRESOS (2)'!C57 -> 220000 | D58: 0 | E58: 45000 | F58: 0 | G58: 35000 | H58: 0 | I58: 35000 | J58: 0 | K58: 35000 | L58: 0 | M58: 35000 | N58: 35000 | O58: 0 | P58: 0 | Q58: 0 | R58: 0 | S58: 0 | T58: =SUM(E58:S58) -> 220000 | U58: =+T58-C58 -> 0 | V58: 3790
A59: 3920 | B59: IMPUESTOS Y DERECHOS | C59: =+'EGRESOS (2)'!C58 -> 61000 | D59: 0 | E59: 0 | F59: 0 | G59: 0 | H59: 0 | I59: 0 | J59: 0 | K59: 0 | L59: 0 | M59: 0 | N59: 0 | O59: 0 | P59: =(+C59*$P$3)*$P$4 -> 24400 | Q59: =(+C59*$P$3)*$Q$4 -> 6100 | R59: =(+C59*$P$3)*$R$4 -> 6100 | S59: =(+C59*$P$3)*$S$4 -> 24400 | T59: =SUM(E59:S59) -> 61000 | U59: =+T59-C59 -> 0 | V59: 3820
A60: 3960 | B60: OTROS GASTOS POR RESPONSABILIDADES | C60: =+'EGRESOS (2)'!C59 -> 6800 | D60: 0 | E60: 0 | F60: 0 | G60: 0 | H60: 0 | I60: 0 | J60: 0 | K60: 0 | L60: 0 | M60: 0 | N60: 0 | O60: 0 | P60: =(+C60*$P$3)*$P$4 -> 2720 | Q60: =(+C60*$P$3)*$Q$4 -> 680 | R60: =(+C60*$P$3)*$R$4 -> 680 | S60: =(+C60*$P$3)*$S$4 -> 2720 | T60: =SUM(E60:S60) -> 6800 | U60: =+T60-C60 -> 0 | V60: 3830
D61: 0 | E61: =(+C61*$E$3)*$E$4 -> 0 | F61: =(+C61*$E$3)*$F$4 -> 0 | I61: =(+C61*$I$3)*$I$4 -> 0 | J61: =(+C61*$I$3)*$J$4 -> 0 | K61: =(+C61*$K$3)*$K$4 -> 0 | L61: =(+C61*$L$3)*$L$4 -> 0 | M61: =(+C61*$M$3)*$M$4 -> 0 | N61: =(+C61*$N$3)*$N$4 -> 0 | O61: =(+C61*$O$3)*$O$4 -> 0 | P61: =(+C61*$P$3)*$P$4 -> 0 | Q61: =(+C61*$P$3)*$Q$4 -> 0 | R61: =(+C61*$P$3)*$R$4 -> 0 | S61: =(+C61*$P$3)*$S$4 -> 0 | T61: =SUM(E61:S61) -> 0
B62: SERVICIOS GENERALES | C62: =SUM(C32:C61) -> 17753154 | D62: =SUM(D32:D61) -> 0 | E62: =SUM(E32:E61) -> 1845000 | F62: =SUM(F32:F61) -> 800000 | G62: =SUM(G32:G61) -> 835000 | H62: =SUM(H32:H61) -> 1200000 | I62: =SUM(I32:I61) -> 2035000 | J62: =SUM(J32:J61) -> 800000 | ... U62: =SUM(U32:U61) -> 0 | V62: 3980
A63: 5110 | B63: MUEBLES DE OFICINA Y ESTANTERIA | C63: =+'EGRESOS (2)'!C62 -> 15000 | D63: 0 | E63: 0 | F63: 0 | G63: 0 | H63: 0 | I63: 0 | J63: 0 | K63: 0 | L63: 0 | M63: 0 | N63: 0 | O63: 0 | P63: 15000 | Q63: 0 | R63: 0 | S63: 0 | T63: =SUM(E63:S63) -> 15000 | U63: =+T63-C63 -> 0
A64: 5150 | B64: COMPUTADORAS Y EQUIPO PERIFERICO | C64: =+'EGRESOS (2)'!C63 -> 15000 | D64: 0 | E64: 0 | F64: 0 | G64: 0 | H64: 0 | I64: 0 | J64: 0 | K64: 0 | L64: 0 | M64: 0 | N64: 0 | O64: 0 | P64: 15000 | Q64: 0 | R64: 0 | S64: 0 | T64: =SUM(E64:S64) -> 15000 | U64: =+T64-C64 -> 0
A65: 5910 | B65: LICENCIAS INFORMATICAS E INTELECTUALES | C65: =+'EGRESOS (2)'!C64 -> 35000 | D65: 0 | E65: 0 | F65: 0 | G65: 0 | H65: 0 | I65: 0 | J65: 0 | K65: 0 | L65: 0 | M65: 0 | N65: 0 | O65: 0 | P65: 35000 | Q65: 0 | R65: 0 | S65: 0 | T65: =SUM(E65:S65) -> 35000 | U65: =+T65-C65 -> 0
B66: BIENES MUEBLES, INMUEBLES E INTANGIBLES | C66: =SUM(C63:C65) -> 65000 | D66: =SUM(D63:D65) -> 0 | E66: =SUM(E63:E65) -> 0 | F66: =SUM(F63:F65) -> 0 | G66: =SUM(G63:G65) -> 0 | H66: =SUM(H63:H65) -> 0 | I66: =SUM(I63:I65) -> 0 | J66: =SUM(J63:J65) -> 0 | ... T66: =SUM(T63:T65) -> 65000 | U66: 0
A67: 6120 | B67: EDIFICACION NO HABITACIONAL | D67: 0 | E67: =(+C67*$E$3)*$E$4 -> 0 | F67: =(+C67*$E$3)*$F$4 -> 0 | G67: =(+D67*$E$3)*$F$4 -> 0 | H67: =(+E67*$E$3)*$F$4 -> 0 | I67: =(+F67*$E$3)*$F$4 -> 0 | J67: =(+G67*$E$3)*$F$4 -> 0 | K67: =(+H67*$E$3)*$F$4 -> 0 | L67: =(+I67*$E$3)*$F$4 -> 0 | M67: =(+J67*$E$3)*$F$4 -> 0 | ... S67: =(+P67*$E$3)*$F$4 -> 0 | T67: =SUM(E67:S67) -> 0 | U67: =+T67-C67 -> 0
B68: INVERSIONES PUBLICAS | C68: =+C67 -> 0 | D68: =+D67 -> 0 | E68: =+E67 -> 0 | F68: =+F67 -> 0 | G68: =+G67 -> 0 | H68: =+H67 -> 0 | I68: =+I67 -> 0 | J68: =+J67 -> 0 | ... S68: =+S67 -> 0 | T68: =SUM(E68:S68) -> 0 | U68: =+T68-C68 -> 0
A69: TOTAL PRESUPUESTO DE EGRESOS | C69: =+C21+C31+C62+C66+C68 -> 29474579 | D69: =+D21+D31+D62+D66+D68 -> 0 | E69: =+E21+E31+E62+E66+E68 -> 1845000 | F69: =+F21+F31+F62+F66+F68 -> 800000 | G69: =+G21+G31+G62+G66+G68 -> 835000 | H69: =+H21+H31+H62+H66+H68 -> 1200000 | I69: =+I21+I31+I62+I66+I68 -> 2035000 | J69: =+J21+J31+J62+J66+J68 -> 800000 | ... T69: =+T21+T31+T62+T66+T68 -> 29474579 | U69: =+U21+U31+U62+U66 -> 0
A70: TOTAL PRESUPUESTO DE EGRESOS | C70: =+'EGRESOS (2)'!C66 -> 29474579
C71: =+C69-C70 -> 0 | D71: =+D62-D20 -> 0 | E71: =+E62-E20 -> 1845000 | F71: =+F62-F20 -> 800000 | G71: =+G62-G20 -> 835000 | H71: =+H62-H20 -> 1200000 | I71: =+I62-I20 -> 2035000 | J71: =+J62-J20 -> 800000 | K71: =+K62-K20 -> 115000 | ... S71: =+S62-S20 -> 682096.1 | T71: =+T69+U21 -> 29474579
C72: =+INGRESOS!D9 -> 0
C73: =+C69-C72 -> 29474579
D74: =+B65-37000 -> #VALUE! | E74: =+C65-37000 -> -2000 | G74: =+E65-37000 -> -37000 | H74: =+F65-37000 -> -37000 | I74: =+F65-37000 -> -37000 | K74: =+I65-37000 -> -37000 | L74: =+J65-37000 -> -37000 | M74: =+K65-37000 -> -37000 | N74: =+L65-37000 -> -37000 | O74: =+M65-37000 -> -37000
C76: =+C66+C60+C55+C54+C52+C41+C26+C63 -> 641800

Sheet ANALITICO (2)
A1: INSTITUTO MUNICIPAL DE PLANEACION DE IRAPUATO GUANAJUATO
A2: PRESUPUESTO DE EGRESOS 2026
A3: Analítico de egresos
A6: U.R. | B6: PGR | C6: FIN | D6: PROP | E6: COMP | F6: ACT | G6: CODIGO PROGRAMÁTICO | M6: EGRESOS | N6: ENERO | O6: FEBRERO | P6: MARZO | Q6: ABRIL | R6: MAYO | S6: JUNIO | T6: JULIO | U6: AGOSTO | V6: SEPTIEMBRE | W6: OCTUBRE | X6: NOVIEMBRE | Y6: DICIEMBRE | Z6: SUMA | AA6: DIFERENCIA
A9: M150900400 Instituto Municipal de Planeación del Municipio de Irapuato, Gto | M9: =+M12+M28+M34+M38+M43+M47+M52+M56+M61+M65+M70+M75 -> 29474579 | N9: =+N12+N28+N34+N38+N43+N47+N52+N56+N61+N65+N70+N75 -> 29474584 | O9: =+O12+O28+O34+O38+O43+O47+O52+O56+O61+O65+O70+O75 -> 29474589 | P9: =+P12+P28+P34+P38+P43+P47+P52+P56+P61+P65+P70+P75 -> 29474594 | Q9: =+Q12+Q28+Q34+Q38+Q43+Q47+Q52+Q56+Q61+Q65+Q70+Q75 -> 29474599 | R9: =+R12+R28+R34+R38+R43+R47+R52+R56+R61+R65+R70+R75 -> 29474604 | S9: =+S12+S28+S34+S38+S43+S47+S52+S56+S61+S65+S70+S75 -> 29474609 | T9: =+T12+T28+T34+T38+T43+T47+T52+T56+T61+T65+T70+T75 -> 29474614 | ... AA9: =+AA12+AA28+AA34+AA38+AA43+AA47+AA52+AA56+AA61+AA65+AA70+AA75 -> 29474649
A10: M150900400 Instituto Municipal de Planeación del Municipio de Irapuato, Gto
A11: Programa de Gobierno Municipal 2024-2027
E12: SERVICIOS PERSONALES | M12: =+M25+M27 -> 11317904 | N12: =+N25+N27 -> 11317905 | O12: =+O25+O27 -> 11317906 | P12: =+P25+P27 -> 11317907 | Q12: =+Q25+Q27 -> 11317908 | R12: =+R25+R27 -> 11317909 | S12: =+S25+S27 -> 11317910 | T12: =+T25+T27 -> 11317911 | ... AA12: =+AA25+AA27 -> 11317918
G13: 1126151100 | H13: 31120M15P010000 | I13: 132 | J13: P0003 | K13: 1130 | L13: SUELDOS BASE | M13: 5330312.8 | N13: 5330312.8 | O13: 5330312.8 | P13: 5330312.8 | Q13: 5330312.8 | R13: 5330312.8 | S13: 5330312.8 | T13: 5330312.8 | U13: 5330312.8 | V13: 5330312.8 | W13: 5330312.8 | X13: 5330312.8 | Y13: 5330312.8 | Z13: 5330312.8 | AA13: 5330312.8
G14: 1126151100 | H14: 31120M15P010000 | I14: 132 | J14: P0003 | K14: 1321 | L14: PRIMA VACACIONAL | M14: 113799.72 | N14: 113799.72 | O14: 113799.72 | P14: 113799.72 | Q14: 113799.72 | R14: 113799.72 | S14: 113799.72 | T14: 113799.72 | U14: 113799.72 | V14: 113799.72 | W14: 113799.72 | X14: 113799.72 | Y14: 113799.72 | Z14: 113799.72 | AA14: 113799.72
G15: 1126151100 | H15: 31120M15P010000 | I15: 132 | J15: P0003 | K15: 1323 | L15: GRATIFICACIONES DE FIN DE AÑO | M15: 758664.78 | N15: 758664.78 | O15: 758664.78 | P15: 758664.78 | Q15: 758664.78 | R15: 758664.78 | S15: 758664.78 | T15: 758664.78 | U15: 758664.78 | V15: 758664.78 | W15: 758664.78 | X15: 758664.78 | Y15: 758664.78 | Z15: 758664.78 | AA15: 758664.78
G16: 1126151100 | H16: 31120M15P010000 | I16: 132 | J16: P0003 | K16: 1413 | L16: APORTACIONES IMSS | M16: 669022.25 | N16: 669022.25 | O16: 669022.25 | P16: 669022.25 | Q16: 669022.25 | R16: 669022.25 | S16: 669022.25 | T16: 669022.25 | U16: 669022.25 | V16: 669022.25 | W16: 669022.25 | X16: 669022.25 | Y16: 669022.25 | Z16: 669022.25 | AA16: 669022.25
G17: 1126151100 | H17: 31120M15P010000 | I17: 132 | J17: P0003 | K17: 1421 | L17: APORTACIONES AL SISTEMA DE VIVIENDA | M17: 440575.63 | N17: 440575.63 | O17: 440575.63 | P17: 440575.63 | Q17: 440575.63 | R17: 440575.63 | S17: 440575.63 | T17: 440575.63 | U17: 440575.63 | V17: 440575.63 | W17: 440575.63 | X17: 440575.63 | Y17: 440575.63 | Z17: 440575.63 | AA17: 440575.63
G18: 1126151100 | H18: 31120M15P010000 | I18: 132 | J18: P0003 | K18: 1430 | L18: APORTACIONES AL SISTEMA PARA EL RETIRO | M18: 522163.71 | N18: 522163.71 | O18: 522163.71 | P18: 522163.71 | Q18: 522163.71 | R18: 522163.71 | S18: 522163.71 | T18: 522163.71 | U18: 522163.71 | V18: 522163.71 | W18: 522163.71 | X18: 522163.71 | Y18: 522163.71 | Z18: 522163.71 | AA18: 522163.71
G19: 1126151100 | H19: 31120M15P010000 | I19: 132 | J19: P0003 | K19: 1520 | L19: INDEMNIZACIONES | M19: 1640571 | N19: 1640571 | O19: 1640571 | P19: 1640571 | Q19: 1640571 | R19: 1640571 | S19: 1640571 | T19: 1640571 | U19: 1640571 | V19: 1640571 | W19: 1640571 | X19: 1640571 | Y19: 1640571 | Z19: 1640571 | AA19: 1640571
G20: 1126151100 | H20: 31120M15P010000 | I20: 132 | J20: P0003 | K20: 1541 | L20: PREMIO DE PUNTUALIDAD | M20: 673238.7 | N20: 673238.7 | O20: 673238.7 | P20: 673238.7 | Q20: 673238.7 | R20: 673238.7 | S20: 673238.7 | T20: 673238.7 | U20: 673238.7 | V20: 673238.7 | W20: 673238.7 | X20: 673238.7 | Y20: 673238.7 | Z20: 673238.7 | AA20: 673238.7
G21: 1126151100 | H21: 31120M15P010000 | I21: 132 | J21: P0003 | K21: 1542 | L21: PREMIO DE ASISTENCIA | M21: 673238.7 | N21: 673238.7 | O21: 673238.7 | P21: 673238.7 | Q21: 673238.7 | R21: 673238.7 | S21: 673238.7 | T21: 673238.7 | U21: 673238.7 | V21: 673238.7 | W21: 673238.7 | X21: 673238.7 | Y21: 673238.7 | Z21: 673238.7 | AA21: 673238.7
G22: 1126151100 | H22: 31120M15P010000 | I22: 132 | J22: P0003 | K22: 1543 | L22: DESPENSA | M22: 172830.55 | N22: 172830.55 | O22: 172830.55 | P22: 172830.55 | Q22: 172830.55 | R22: 172830.55 | S22: 172830.55 | T22: 172830.55 | U22: 172830.55 | V22: 172830.55 | W22: 172830.55 | X22: 172830.55 | Y22: 172830.55 | Z22: 172830.55 | AA22: 172830.55
G23: 1126151100 | H23: 31120M15P010000 | I23: 132 | J23: P0003 | K23: 1544 | L23: APOYO A LA CULTURA | M23: 76219.88 | N23: 76219.88 | O23: 76219.88 | P23: 76219.88 | Q23: 76219.88 | R23: 76219.88 | S23: 76219.88 | T23: 76219.88 | U23: 76219.88 | V23: 76219.88 | W23: 76219.88 | X23: 76219.88 | Y23: 76219.88 | Z23: 76219.88 | AA23: 76219.88
G24: 1126151100 | H24: 31120M15P010000 | I24: 132 | J24: P0003 | K24: 1590 | L24: OTRAS PRESTACIONES | M24: 6500 | N24: 6500 | O24: 6500 | P24: 6500 | Q24: 6500 | R24: 6500 | S24: 6500 | T24: 6500 | U24: 6500 | V24: 6500 | W24: 6500 | X24: 6500 | Y24: 6500 | Z24: 6500 | AA24: 6500
L25: IMPORTE TOTAL PÓR SUELDOS Y SALARIOS | M25: =SUM(M13:M24) -> 11077138 | N25: =SUM(N13:N24) -> 11077138 | O25: =SUM(O13:O24) -> 11077138 | P25: =SUM(P13:P24) -> 11077138 | Q25: =SUM(Q13:Q24) -> 11077138 | R25: =SUM(R13:R24) -> 11077138 | S25: =SUM(S13:S24) -> 11077138 | T25: =SUM(T13:T24) -> 11077138 | ... AA25: =SUM(AA13:AA24) -> 11077138
G26: 1126151100 | H26: 31120M15P010000 | I26: 132 | J26: P0003 | K26: 3980 | L26: IMPUESTO SOBRE NOMINAS | M26: 240766 | N26: 240767 | O26: 240768 | P26: 240769 | Q26: 240770 | R26: 240771 | S26: 240772 | T26: 240773 | U26: 240774 | V26: 240775 | W26: 240776 | X26: 240777 | Y26: 240778 | Z26: 240779 | AA26: 240780
L27: IMPORTE TOTAL POR SERVICIOS GENERALES | M27: =SUM(M26) -> 240766 | N27: =SUM(N26) -> 240767 | O27: =SUM(O26) -> 240768 | P27: =SUM(P26) -> 240769 | Q27: =SUM(Q26) -> 240770 | R27: =SUM(R26) -> 240771 | S27: =SUM(S26) -> 240772 | T27: =SUM(T26) -> 240773 | ... AA27: =SUM(AA26) -> 240780
E28: C1 | F28: Estrategias, lineamientos, objetivos y acciones en el Centro Histórico establecidas | M28: =+M29 -> 1845000 | N28: =+N29 -> 1845000 | O28: =+O29 -> 1845000 | P28: =+P29 -> 1845000 | Q28: =+Q29 -> 1845000 | R28: =+R29 -> 1845000 | S28: =+S29 -> 1845000 | T28: =+T29 -> 1845000 | ... AA28: =+AA29 -> 1845000
E29: C1A1 | F29: Plan control de riesgos y catlaogos de inmuebes de patrimonio cultural de la zona centro | M29: =+M30 -> 1845000 | N29: =+N30 -> 1845000 | O29: =+O30 -> 1845000 | P29: =+P30 -> 1845000 | Q29: =+Q30 -> 1845000 | R29: =+R30 -> 1845000 | S29: =+S30 -> 1845000 | T29: =+T30 -> 1845000 | ... AA29: =+AA30 -> 1845000
H30: IMPORTE TOTAL POR MATERIALES Y SUMINISTROS | M30: =+M31+M32 -> 1845000 | N30: =+N31+N32 -> 1845000 | O30: =+O31+O32 -> 1845000 | P30: =+P31+P32 -> 1845000 | Q30: =+Q31+Q32 -> 1845000 | R30: =+R31+R32 -> 1845000 | S30: =+S31+S32 -> 1845000 | T30: =+T31+T32 -> 1845000 | ... AA30: =+AA31+AA32 -> 1845000
G31: 1126151100 | H31: 31120M15P030000 | I31: 132 | J31: P00030501 | K31: 3390 | L31: SERVICIOS PROFESIONALES CIENTIFICOS TECNICOS INTEGRALES | M31: 1800000 | N31: 1800000 | O31: 1800000 | P31: 1800000 | Q31: 1800000 | R31: 1800000 | S31: 1800000 | T31: 1800000 | U31: 1800000 | V31: 1800000 | W31: 1800000 | X31: 1800000 | Y31: 1800000 | Z31: 1800000 | AA31: 1800000
G32: 1126151100 | H32: 31120M15P030000 | I32: 132 | J32: P00030501 | K32: 3830 | L32: CONGRESOS Y CONVENCIONES | M32: 45000 | N32: 45000 | O32: 45000 | P32: 45000 | Q32: 45000 | R32: 45000 | S32: 45000 | T32: 45000 | U32: 45000 | V32: 45000 | W32: 45000 | X32: 45000 | Y32: 45000 | Z32: 45000 | AA32: 45000
H33: IMPORTE TOTAL POR SERVICIOS GENERALES | M33: =SUM(M32:M32) -> 45000 | N33: =SUM(N32:N32) -> 45000 | O33: =SUM(O32:O32) -> 45000 | P33: =SUM(P32:P32) -> 45000 | Q33: =SUM(Q32:Q32) -> 45000 | R33: =SUM(R32:R32) -> 45000 | S33: =SUM(S32:S32) -> 45000 | T33: =SUM(T32:T32) -> 45000 | ... AA33: =SUM(AA32:AA32) -> 45000
E34: C1 | F34: Manual “Irapuato, Tu Huella” elaborado | M34: =+M35 -> 800000 | N34: =+N35 -> 800001 | O34: =+O35 -> 800002 | P34: =+P35 -> 800003 | Q34: =+Q35 -> 800004 | R34: =+R35 -> 800005 | S34: =+S35 -> 800006 | T34: =+T35 -> 800007 | ... AA34: =+AA35 -> 800014
E35: A1 | F35: Plan de Irapuato tu Huella | M35: =+M37 -> 800000 | N35: =+N37 -> 800001 | O35: =+O37 -> 800002 | P35: =+P37 -> 800003 | Q35: =+Q37 -> 800004 | R35: =+R37 -> 800005 | S35: =+S37 -> 800006 | T35: =+T37 -> 800007 | ... AA35: =+AA37 -> 800014
G36: 1126151100 | H36: 31120M15P050000 | I36: 132 | J36: P00030502 | K36: 3390 | L36: SERVICIOS PROFESIONALES CIENTIFICOS TECNICOS INTEGRALES | M36: 800000 | N36: 800001 | O36: 800002 | P36: 800003 | Q36: 800004 | R36: 800005 | S36: 800006 | T36: 800007 | U36: 800008 | V36: 800009 | W36: 800010 | X36: 800011 | Y36: 800012 | Z36: 800013 | AA36: 800014
H37: IMPORTE TOTAL POR SERVICIOS GENERALES | M37: =SUM(M36:M36) -> 800000 | N37: =SUM(N36:N36) -> 800001 | O37: =SUM(O36:O36) -> 800002 | P37: =SUM(P36:P36) -> 800003 | Q37: =SUM(Q36:Q36) -> 800004 | R37: =SUM(R36:R36) -> 800005 | S37: =SUM(S36:S36) -> 800006 | T37: =SUM(T36:T36) -> 800007 | ... AA37: =SUM(AA36:AA36) -> 800014
E38: C1 | F38: Colaboración entre empresas locales de diversos sectores económicos fortalecida | M38: =+M39 -> 835000 | N38: =+N39 -> 835000 | O38: =+O39 -> 835000 | P38: =+P39 -> 835000 | Q38: =+Q39 -> 835000 | R38: =+R39 -> 835000 | S38: =+S39 -> 835000 | T38: =+T39 -> 835000 | ... AA38: =+AA39 -> 835000
F39: Fomento a la colaboración entre empresas locales de diversos sectores económicos | M39: =+M42 -> 835000 | N39: =+N42 -> 835000 | O39: =+O42 -> 835000 | P39: =+P42 -> 835000 | Q39: =+Q42 -> 835000 | R39: =+R42 -> 835000 | S39: =+S42 -> 835000 | T39: =+T42 -> 835000 | ... AA39: =+AA42 -> 835000
G40: 1126151100 | H40: 31120M15P030000 | I40: 132 | J40: P00030601 | K40: 3390 | L40: SERVICIOS PROFESIONALES CIENTIFICOS TECNICOS INTEGRALES | M40: 800000 | N40: 800000 | O40: 800000 | P40: 800000 | Q40: 800000 | R40: 800000 | S40: 800000 | T40: 800000 | U40: 800000 | V40: 800000 | W40: 800000 | X40: 800000 | Y40: 800000 | Z40: 800000 | AA40: 800000
G41: 1126151100 | H41: 31120M15P030000 | I41: 132 | J41: P00030601 | K41: 3830 | L41: CONGRESOS Y CONVENCIONES | M41: 35000 | N41: 35000 | O41: 35000 | P41: 35000 | Q41: 35000 | R41: 35000 | S41: 35000 | T41: 35000 | U41: 35000 | V41: 35000 | W41: 35000 | X41: 35000 | Y41: 35000 | Z41: 35000 | AA41: 35000
H42: IMPORTE TOTAL POR SERVICIOS GENERALES | M42: =SUM(M40:M41) -> 835000 | N42: =SUM(N40:N41) -> 835000 | O42: =SUM(O40:O41) -> 835000 | P42: =SUM(P40:P41) -> 835000 | Q42: =SUM(Q40:Q41) -> 835000 | R42: =SUM(R40:R41) -> 835000 | S42: =SUM(S40:S41) -> 835000 | T42: =SUM(T40:T41) -> 835000 | ... AA42: =SUM(AA40:AA41) -> 835000
E43: C1 | F43: Igualdad de acceso garantizada | M43: =+M44 -> 1200000 | N43: =+N44 -> 1200001 | O43: =+O44 -> 1200002 | P43: =+P44 -> 1200003 | Q43: =+Q44 -> 1200004 | R43: =+R44 -> 1200005 | S43: =+S44 -> 1200006 | T43: =+T44 -> 1200007 | ... AA43: =+AA44 -> 1200014
F44: Manual de accesibilidad desarrollado | M44: =+M46 -> 1200000 | N44: =+N46 -> 1200001 | O44: =+O46 -> 1200002 | P44: =+P46 -> 1200003 | Q44: =+Q46 -> 1200004 | R44: =+R46 -> 1200005 | S44: =+S46 -> 1200006 | T44: =+T46 -> 1200007 | ... AA44: =+AA46 -> 1200014
G45: 1126151100 | H45: 31120M15P040000 | I45: 132 | J45: P00030602 | K45: 3390 | L45: SERVICIOS PROFESIONALES CIENTIFICOS TECNICOS INTEGRALES | M45: 1200000 | N45: 1200001 | O45: 1200002 | P45: 1200003 | Q45: 1200004 | R45: 1200005 | S45: 1200006 | T45: 1200007 | U45: 1200008 | V45: 1200009 | W45: 1200010 | X45: 1200011 | Y45: 1200012 | Z45: 1200013 | AA45: 1200014
H46: IMPORTE TOTAL POR SERVICIOS GENERALES | M46: =SUM(M45:M45) -> 1200000 | N46: =SUM(N45:N45) -> 1200001 | O46: =SUM(O45:O45) -> 1200002 | P46: =SUM(P45:P45) -> 1200003 | Q46: =SUM(Q45:Q45) -> 1200004 | R46: =SUM(R45:R45) -> 1200005 | S46: =SUM(S45:S45) -> 1200006 | T46: =SUM(T45:T45) -> 1200007 | ... AA46: =SUM(AA45:AA45) -> 1200014
E47: C1 | F47: Políticas, objetivos, estrategias y líneas de acción prioritarias en materia de vivienda establecidas | M47: =+M48 -> 2035000 | N47: =+N48 -> 2035000 | O47: =+O48 -> 2035000 | P47: =+P48 -> 2035000 | Q47: =+Q48 -> 2035000 | R47: =+R48 -> 2035000 | S47: =+S48 -> 2035000 | T47: =+T48 -> 2035000 | ... AA47: =+AA48 -> 2035000
F48: Actualización del Programa Municipal de Vivienda | M48: =+M49+M50 -> 2035000 | N48: =+N49+N50 -> 2035000 | O48: =+O49+O50 -> 2035000 | P48: =+P49+P50 -> 2035000 | Q48: =+Q49+Q50 -> 2035000 | R48: =+R49+R50 -> 2035000 | S48: =+S49+S50 -> 2035000 | T48: =+T49+T50 -> 2035000 | ... AA48: =+AA49+AA50 -> 2035000
G49: 1126151100 | H49: 31120M15P030000 | I49: 132 | J49: P00030701 | K49: 3390 | L49: SERVICIOS PROFESIONALES CIENTIFICOS TECNICOS INTEGRALES | M49: 2000000 | N49: 2000000 | O49: 2000000 | P49: 2000000 | Q49: 2000000 | R49: 2000000 | S49: 2000000 | T49: 2000000 | U49: 2000000 | V49: 2000000 | W49: 2000000 | X49: 2000000 | Y49: 2000000 | Z49: 2000000 | AA49: 2000000
G50: 1126151100 | H50: 31120M15P020000 | I50: 132 | J50: P00030603 | K50: 3830 | L50: CONGRESOS Y CONVENCIONES | M50: 35000 | N50: 35000 | O50: 35000 | P50: 35000 | Q50: 35000 | R50: 35000 | S50: 35000 | T50: 35000 | U50: 35000 | V50: 35000 | W50: 35000 | X50: 35000 | Y50: 35000 | Z50: 35000 | AA50: 35000
H51: IMPORTE TOTAL POR SERVICIOS GENERALES | M51: =SUM(M50:M50) -> 35000 | N51: =SUM(N50:N50) -> 35000 | O51: =SUM(O50:O50) -> 35000 | P51: =SUM(P50:P50) -> 35000 | Q51: =SUM(Q50:Q50) -> 35000 | R51: =SUM(R50:R50) -> 35000 | S51: =SUM(S50:S50) -> 35000 | T51: =SUM(T50:T50) -> 35000 | ... AA51: =SUM(AA50:AA50) -> 35000
E52: C1 | F52: Red de Infraestructura Verde creada | M52: =+M53 -> 800000 | N52: =+N53 -> 800001 | O52: =+O53 -> 800002 | P52: =+P53 -> 800003 | Q52: =+Q53 -> 800004 | R52: =+R53 -> 800005 | S52: =+S53 -> 800006 | T52: =+T53 -> 800007 | ... AA52: =+AA53 -> 800014
E53: AE03 | F53: Consolidación del Parque Irekua, Sistemas de Parques Irekua | M53: =+M55 -> 800000 | N53: =+N55 -> 800001 | O53: =+O55 -> 800002 | P53: =+P55 -> 800003 | Q53: =+Q55 -> 800004 | R53: =+R55 -> 800005 | S53: =+S55 -> 800006 | T53: =+T55 -> 800007 | ... AA53: =+AA55 -> 800014
G54: 1126151100 | H54: 31120M15P030000 | I54: 132 | J54: P00030701 | K54: 3390 | L54: SERVICIOS PROFESIONALES CIENTIFICOS TECNICOS INTEGRALES | M54: 800000 | N54: 800001 | O54: 800002 | P54: 800003 | Q54: 800004 | R54: 800005 | S54: 800006 | T54: 800007 | U54: 800008 | V54: 800009 | W54: 800010 | X54: 800011 | Y54: 800012 | Z54: 800013 | AA54: 800014
H55: IMPORTE TOTAL POR SERVICIOS GENERALES | M55: =SUM(M54:M54) -> 800000 | N55: =SUM(N54:N54) -> 800001 | O55: =SUM(O54:O54) -> 800002 | P55: =SUM(P54:P54) -> 800003 | Q55: =SUM(Q54:Q54) -> 800004 | R55: =SUM(R54:R54) -> 800005 | S55: =SUM(S54:S54) -> 800006 | T55: =SUM(T54:T54) -> 800007 | ... AA55: =SUM(AA54:AA54) -> 800014
E56: C1 | F56: Participación Ciudadana Promovida | M56: =+M57 -> 115000 | N56: =+N57 -> 115000 | O56: =+O57 -> 115000 | P56: =+P57 -> 115000 | Q56: =+Q57 -> 115000 | R56: =+R57 -> 115000 | S56: =+S57 -> 115000 | T56: =+T57 -> 115000 | ... AA56: =+AA57 -> 115000
E57: AE01 | F57: Foro Urbano | M57: =+M58+M59 -> 115000 | N57: =+N58+N59 -> 115000 | O57: =+O58+O59 -> 115000 | P57: =+P58+P59 -> 115000 | Q57: =+Q58+Q59 -> 115000 | R57: =+R58+R59 -> 115000 | S57: =+S58+S59 -> 115000 | T57: =+T58+T59 -> 115000 | ... AA57: =+AA58+AA59 -> 115000
G58: 1126151100 | H58: 31120M15P030000 | I58: 132 | J58: P00030701 | K58: 3390 | L58: SERVICIOS PROFESIONALES CIENTIFICOS TECNICOS INTEGRALES | M58: 80000 | N58: 80000 | O58: 80000 | P58: 80000 | Q58: 80000 | R58: 80000 | S58: 80000 | T58: 80000 | U58: 80000 | V58: 80000 | W58: 80000 | X58: 80000 | Y58: 80000 | Z58: 80000 | AA58: 80000
G59: 1126151100 | H59: 31120M15P030000 | I59: 132 | J59: P00030701 | K59: 3830 | L59: CONGRESOS Y CONVENCIONES | M59: 35000 | N59: 35000 | O59: 35000 | P59: 35000 | Q59: 35000 | R59: 35000 | S59: 35000 | T59: 35000 | U59: 35000 | V59: 35000 | W59: 35000 | X59: 35000 | Y59: 35000 | Z59: 35000 | AA59: 35000
H60: IMPORTE TOTAL POR SERVICIOS GENERALES | M60: =SUM(M59:M59) -> 35000 | N60: =SUM(N59:N59) -> 35000 | O60: =SUM(O59:O59) -> 35000 | P60: =SUM(P59:P59) -> 35000 | Q60: =SUM(Q59:Q59) -> 35000 | R60: =SUM(R59:R59) -> 35000 | S60: =SUM(S59:S59) -> 35000 | T60: =SUM(T59:T59) -> 35000 | ... AA60: =SUM(AA59:AA59) -> 35000
E61: C1 | F61: Crecimiento eonómico y turístico del municipio de Irapuato impulsado | M61: =+M62 -> 1600000 | N61: =+N62 -> 1600001 | O61: =+O62 -> 1600002 | P61: =+P62 -> 1600003 | Q61: =+Q62 -> 1600004 | R61: =+R62 -> 1600005 | S61: =+S62 -> 1600006 | T61: =+T62 -> 1600007 | ... AA61: =+AA62 -> 1600014
F62: Realización de un análisis técnico y de impacto para seleccionar el trazo más adecuado para el libramiento ferroviario. C1A1 Realización de un análisis técnico y de impacto para seleccionar el trazo del libramiento ferroviario | M62: =+M64 -> 1600000 | N62: =+N64 -> 1600001 | O62: =+O64 -> 1600002 | P62: =+P64 -> 1600003 | Q62: =+Q64 -> 1600004 | R62: =+R64 -> 1600005 | S62: =+S64 -> 1600006 | T62: =+T64 -> 1600007 | ... AA62: =+AA64 -> 1600014
G63: 1126151100 | H63: 31120M15P020000 | I63: 132 | J63: P00030702 | K63: 3390 | L63: SERVICIOS PROFESIONALES CIENTIFICOS TECNICOS INTEGRALES | M63: 1600000 | N63: 1600001 | O63: 1600002 | P63: 1600003 | Q63: 1600004 | R63: 1600005 | S63: 1600006 | T63: 1600007 | U63: 1600008 | V63: 1600009 | W63: 1600010 | X63: 1600011 | Y63: 1600012 | Z63: 1600013 | AA63: 1600014
H64: IMPORTE TOTAL POR SERVICIOS GENERALES | M64: =SUM(M63:M63) -> 1600000 | N64: =SUM(N63:N63) -> 1600001 | O64: =SUM(O63:O63) -> 1600002 | P64: =SUM(P63:P63) -> 1600003 | Q64: =SUM(Q63:Q63) -> 1600004 | R64: =SUM(R63:R63) -> 1600005 | S64: =SUM(S63:S63) -> 1600006 | T64: =SUM(T63:T63) -> 1600007 | ... AA64: =SUM(AA63:AA63) -> 1600014
E65: C1 | F65: Planeación participativa consolidada | M65: =+M66 -> 835000 | N65: =+N66 -> 835000 | O65: =+O66 -> 835000 | P65: =+P66 -> 835000 | Q65: =+Q66 -> 835000 | R65: =+R66 -> 835000 | S65: =+S66 -> 835000 | T65: =+T66 -> 835000 | ... AA65: =+AA66 -> 835000
F66: Implemento de programas de planeación participativa en cada sector de la ciudad, promoviendo la involucración de la ciudadanía en todas las etapas de los proyectos. | M66: =+M67+M68 -> 835000 | N66: =+N67+N68 -> 835000 | O66: =+O67+O68 -> 835000 | P66: =+P67+P68 -> 835000 | Q66: =+Q67+Q68 -> 835000 | R66: =+R67+R68 -> 835000 | S66: =+S67+S68 -> 835000 | T66: =+T67+T68 -> 835000 | ... AA66: =+AA67+AA68 -> 835000
G67: 1126151100 | H67: 31120M15P020000 | I67: 132 | J67: P00030703 | K67: 3390 | L67: SERVICIOS PROFESIONALES CIENTIFICOS TECNICOS INTEGRALES | M67: 800000 | N67: 800000 | O67: 800000 | P67: 800000 | Q67: 800000 | R67: 800000 | S67: 800000 | T67: 800000 | U67: 800000 | V67: 800000 | W67: 800000 | X67: 800000 | Y67: 800000 | Z67: 800000 | AA67: 800000
G68: 1126151100 | H68: 31120M15P020000 | I68: 132 | J68: P00030703 | K68: 3830 | L68: CONGRESOS Y CONVENCIONES | M68: 35000 | N68: 35000 | O68: 35000 | P68: 35000 | Q68: 35000 | R68: 35000 | S68: 35000 | T68: 35000 | U68: 35000 | V68: 35000 | W68: 35000 | X68: 35000 | Y68: 35000 | Z68: 35000 | AA68: 35000
H69: IMPORTE TOTAL POR SERVICIOS GENERALES | M69: =SUM(M68:M68) -> 35000 | N69: =SUM(N68:N68) -> 35000 | O69: =SUM(O68:O68) -> 35000 | P69: =SUM(P68:P68) -> 35000 | Q69: =SUM(Q68:Q68) -> 35000 | R69: =SUM(R68:R68) -> 35000 | S69: =SUM(S68:S68) -> 35000 | T69: =SUM(T68:T68) -> 35000 | ... AA69: =SUM(AA68:AA68) -> 35000
E70: C1 | F70: Participación ciudadana en el presupuesto participativo, fomentada | M70: =+M71 -> 90000 | N70: =+N71 -> 90000 | O70: =+O71 -> 90000 | P70: =+P71 -> 90000 | Q70: =+Q71 -> 90000 | R70: =+R71 -> 90000 | S70: =+S71 -> 90000 | T70: =+T71 -> 90000 | ... AA70: =+AA71 -> 90000
F71: TALLERES | M71: =+M72+M73 -> 90000 | N71: =+N72+N73 -> 90000 | O71: =+O72+O73 -> 90000 | P71: =+P72+P73 -> 90000 | Q71: =+Q72+Q73 -> 90000 | R71: =+R72+R73 -> 90000 | S71: =+S72+S73 -> 90000 | T71: =+T72+T73 -> 90000 | ... AA71: =+AA72+AA73 -> 90000
G72: 1126151100 | H72: 31120M15P010000 | I72: 132 | J72: P00030801 | K72: 3390 | L72: SERVICIOS PROFESIONALES CIENTIFICOS TECNICOS INTEGRALES | M72: 55000 | N72: 55000 | O72: 55000 | P72: 55000 | Q72: 55000 | R72: 55000 | S72: 55000 | T72: 55000 | U72: 55000 | V72: 55000 | W72: 55000 | X72: 55000 | Y72: 55000 | Z72: 55000 | AA72: 55000
G73: 1126151100 | H73: 31120M15P010000 | I73: 132 | J73: P00030801 | K73: 3830 | L73: CONGRESOS Y CONVENCIONES | M73: 35000 | N73: 35000 | O73: 35000 | P73: 35000 | Q73: 35000 | R73: 35000 | S73: 35000 | T73: 35000 | U73: 35000 | V73: 35000 | W73: 35000 | X73: 35000 | Y73: 35000 | Z73: 35000 | AA73: 35000
H74: IMPORTE TOTAL POR SERVICIOS GENERALES | M74: =SUM(M73:M73) -> 35000 | N74: =SUM(N73:N73) -> 35000 | O74: =SUM(O73:O73) -> 35000 | P74: =SUM(P73:P73) -> 35000 | Q74: =SUM(Q73:Q73) -> 35000 | R74: =SUM(R73:R73) -> 35000 | S74: =SUM(S73:S73) -> 35000 | T74: =SUM(T73:T73) -> 35000 | ... AA74: =SUM(AA73:AA73) -> 35000
E75: P10 | F75: Programa opertativo anual IMPLAN | M75: =+M76+M122+M164+M206 -> 8001675.5 | N75: =+N76+N122+N164+N206 -> 8001675.5 | O75: =+O76+O122+O164+O206 -> 8001675.5 | P75: =+P76+P122+P164+P206 -> 8001675.5 | Q75: =+Q76+Q122+Q164+Q206 -> 8001675.5 | R75: =+R76+R122+R164+R206 -> 8001675.5 | S75: =+S76+S122+S164+S206 -> 8001675.5 | T75: =+T76+T122+T164+T206 -> 8001675.5 | ... AA75: =+AA76+AA122+AA164+AA206 -> 8001675.5
E76: 1 | F76: Diseñar, gestionar, evaluar y dar seguimiento a los Instrumentos de Planeación | M76: =+M86+M117+M121 -> 6571769.7 | N76: =+N86+N117+N121 -> 6571769.7 | O76: =+O86+O117+O121 -> 6571769.7 | P76: =+P86+P117+P121 -> 6571769.7 | Q76: =+Q86+Q117+Q121 -> 6571769.7 | R76: =+R86+R117+R121 -> 6571769.7 | S76: =+S86+S117+S121 -> 6571769.7 | T76: =+T86+T117+T121 -> 6571769.7 | ... AA76: =+AA86+AA117+AA121 -> 6571769.7
G77: 1126151100 | H77: 31120M15P010000 | I77: 132 | J77: P00030803 | K77: 2110 | L77: MATERIALES Y ÚTILES DE OFICINA | M77: 9720 | N77: 9720 | O77: 9720 | P77: 9720 | Q77: 9720 | R77: 9720 | S77: 9720 | T77: 9720 | U77: 9720 | V77: 9720 | W77: 9720 | X77: 9720 | Y77: 9720 | Z77: 9720 | AA77: 9720
G78: 1126151100 | H78: 31120M15P010000 | I78: 132 | J78: P00030803 | K78: 2120 | L78: MATERIALES Y UTILES DE IMPRESIÓN Y REPRODUCCIÓN | M78: 34000 | N78: 34000 | O78: 34000 | P78: 34000 | Q78: 34000 | R78: 34000 | S78: 34000 | T78: 34000 | U78: 34000 | V78: 34000 | W78: 34000 | X78: 34000 | Y78: 34000 | Z78: 34000 | AA78: 34000
G79: 1126151100 | H79: 31120M15P010000 | I79: 132 | J79: P00030803 | K79: 2150 | L79: MATERIAL IMPRESO E INFORMACION DIGITAL | M79: 6000 | N79: 6000 | O79: 6000 | P79: 6000 | Q79: 6000 | R79: 6000 | S79: 6000 | T79: 6000 | U79: 6000 | V79: 6000 | W79: 6000 | X79: 6000 | Y79: 6000 | Z79: 6000 | AA79: 6000
G80: 1126151100 | H80: 31120M15P010000 | I80: 132 | J80: P00030803 | K80: 2160 | L80: MATERIAL DE LIMPIEZA | M80: 5000 | N80: 5000 | O80: 5000 | P80: 5000 | Q80: 5000 | R80: 5000 | S80: 5000 | T80: 5000 | U80: 5000 | V80: 5000 | W80: 5000 | X80: 5000 | Y80: 5000 | Z80: 5000 | AA80: 5000
G81: 1126151100 | H81: 31120M15P010000 | I81: 132 | J81: P00030803 | K81: 2211 | L81: PRODUCTOS ALIMENTICIOS PARA PERSONAL EN LAS INSTACIONES DEPENDENCIAS Y ENTIDADES | M81: 34000 | N81: 34000 | O81: 34000 | P81: 34000 | Q81: 34000 | R81: 34000 | S81: 34000 | T81: 34000 | U81: 34000 | V81: 34000 | W81: 34000 | X81: 34000 | Y81: 34000 | Z81: 34000 | AA81: 34000
G82: 1126151100 | H82: 31120M15P010000 | I82: 132 | J82: P00030803 | K82: 2530 | L82: MEDICINAS Y PRODUCTOS FARMACEUTICOS | M82: 1200 | N82: 1200 | O82: 1200 | P82: 1200 | Q82: 1200 | R82: 1200 | S82: 1200 | T82: 1200 | U82: 1200 | V82: 1200 | W82: 1200 | X82: 1200 | Y82: 1200 | Z82: 1200 | AA82: 1200
G83: 1126151100 | H83: 31120M15P010000 | I83: 132 | J83: P00030803 | K83: 2610 | L83: COMBUSTIBLES, LUBRICANTES Y ADITIVOS PARA MAQUINARIA, EQUIPO DE PRODUCCIÓN Y SERVICIOS ADMINISTRATIVOS | M83: 20648.4 | N83: 20648.4 | O83: 20648.4 | P83: 20648.4 | Q83: 20648.4 | R83: 20648.4 | S83: 20648.4 | T83: 20648.4 | U83: 20648.4 | V83: 20648.4 | W83: 20648.4 | X83: 20648.4 | Y83: 20648.4 | Z83: 20648.4 | AA83: 20648.4
G84: 1126151100 | H84: 31120M15P010000 | I84: 132 | J84: P00030803 | K84: 2710 | L84: VESTUARIO Y UNIFORMES | M84: 13440 | N84: 13440 | O84: 13440 | P84: 13440 | Q84: 13440 | R84: 13440 | S84: 13440 | T84: 13440 | U84: 13440 | V84: 13440 | W84: 13440 | X84: 13440 | Y84: 13440 | Z84: 13440 | AA84: 13440
G85: 1126151100 | H85: 31120M15P010000 | I85: 132 | J85: P00030803 | K85: 2940 | L85: REFACCIONES Y ACCESORIOS MENORES DE EQUIPO COMPUTO TECNOLOGIAS DE LA INFORMACION | M85: 11400 | N85: 11400 | O85: 11400 | P85: 11400 | Q85: 11400 | R85: 11400 | S85: 11400 | T85: 11400 | U85: 11400 | V85: 11400 | W85: 11400 | X85: 11400 | Y85: 11400 | Z85: 11400 | AA85: 11400
H86: IMPORTE TOTAL POR MATERIALES Y SUMINISTROS | M86: =SUM(M77:M85) -> 135408.4 | N86: =SUM(N77:N85) -> 135408.4 | O86: =SUM(O77:O85) -> 135408.4 | P86: =SUM(P77:P85) -> 135408.4 | Q86: =SUM(Q77:Q85) -> 135408.4 | R86: =SUM(R77:R85) -> 135408.4 | S86: =SUM(S77:S85) -> 135408.4 | T86: =SUM(T77:T85) -> 135408.4 | ... AA86: =SUM(AA77:AA85) -> 135408.4
G87: 1126151100 | H87: 31120M15P010000 | I87: 132 | J87: P00030803 | K87: 3110 | L87: SERVICIO DE ENERGÍA ELÉCTRICA | M87: 56000 | N87: 56000 | O87: 56000 | P87: 56000 | Q87: 56000 | R87: 56000 | S87: 56000 | T87: 56000 | U87: 56000 | V87: 56000 | W87: 56000 | X87: 56000 | Y87: 56000 | Z87: 56000 | AA87: 56000
G88: 1126151100 | H88: 31120M15P010000 | I88: 132 | J88: P00030803 | K88: 3130 | L88: SERVICIO DE AGUA | M88: 1440 | N88: 1440 | O88: 1440 | P88: 1440 | Q88: 1440 | R88: 1440 | S88: 1440 | T88: 1440 | U88: 1440 | V88: 1440 | W88: 1440 | X88: 1440 | Y88: 1440 | Z88: 1440 | AA88: 1440
G89: 1126151100 | H89: 31120M15P010000 | I89: 132 | J89: P00030803 | K89: 3140 | L89: SERVICIO TELEFONÍA TRADICIONAL | M89: 11328 | N89: 11328 | O89: 11328 | P89: 11328 | Q89: 11328 | R89: 11328 | S89: 11328 | T89: 11328 | U89: 11328 | V89: 11328 | W89: 11328 | X89: 11328 | Y89: 11328 | Z89: 11328 | AA89: 11328
G90: 1126151100 | H90: 31120M15P010000 | I90: 132 | J90: P00030803 | K90: 3150 | L90: SERVICIO TELEFONIA CELULAR | M90: 12000 | N90: 12000 | O90: 12000 | P90: 12000 | Q90: 12000 | R90: 12000 | S90: 12000 | T90: 12000 | U90: 12000 | V90: 12000 | W90: 12000 | X90: 12000 | Y90: 12000 | Z90: 12000 | AA90: 12000
G91: 1126151100 | H91: 31120M15P010000 | I91: 132 | J91: P00030803 | K91: 3170 | L91: SERVICIOS DE ACCESO A INTERNET, REDES Y PROCESAMIENTO DE INFORMACION | M91: 111200 | N91: 111200 | O91: 111200 | P91: 111200 | Q91: 111200 | R91: 111200 | S91: 111200 | T91: 111200 | U91: 111200 | V91: 111200 | W91: 111200 | X91: 111200 | Y91: 111200 | Z91: 111200 | AA91: 111200
G92: 1126151100 | H92: 31120M15P010000 | I92: 132 | J92: P00030803 | K92: 3180 | L92: SERVICIO POSTAL | M92: 2000 | N92: 2000 | O92: 2000 | P92: 2000 | Q92: 2000 | R92: 2000 | S92: 2000 | T92: 2000 | U92: 2000 | V92: 2000 | W92: 2000 | X92: 2000 | Y92: 2000 | Z92: 2000 | AA92: 2000
G93: 1126151100 | H93: 31120M15P010000 | I93: 132 | J93: P00030803 | K93: 3220 | L93: ARRENDAMIENTO DE EDIFICIOS Y LOCALES | M93: 166059.7 | N93: 166059.7 | O93: 166059.7 | P93: 166059.7 | Q93: 166059.7 | R93: 166059.7 | S93: 166059.7 | T93: 166059.7 | U93: 166059.7 | V93: 166059.7 | W93: 166059.7 | X93: 166059.7 | Y93: 166059.7 | Z93: 166059.7 | AA93: 166059.7
G94: 1126151100 | H94: 31120M15P010000 | I94: 132 | J94: P00030803 | K94: 3230 | L94: ARRENDAMIENTO DE MOBILIARIO Y EQUIPO DE ADMINISTRACION EDUCACIONAL Y RECREATIVO | M94: 24000 | N94: 24000 | O94: 24000 | P94: 24000 | Q94: 24000 | R94: 24000 | S94: 24000 | T94: 24000 | U94: 24000 | V94: 24000 | W94: 24000 | X94: 24000 | Y94: 24000 | Z94: 24000 | AA94: 24000
G95: 1126151100 | H95: 31120M15P010000 | I95: 132 | J95: P00030803 | K95: 3290 | L95: OTROS ARRENDAMIENTOS | M95: 10000 | N95: 10000 | O95: 10000 | P95: 10000 | Q95: 10000 | R95: 10000 | S95: 10000 | T95: 10000 | U95: 10000 | V95: 10000 | W95: 10000 | X95: 10000 | Y95: 10000 | Z95: 10000 | AA95: 10000
G96: 1126151100 | H96: 31120M15P010000 | I96: 132 | J96: P00030803 | K96: 3310 | L96: SERVICIO LEGALES DE CONTABILIDAD Y RELACIONADOS | M96: 0 | N96: 0 | O96: 0 | P96: 0 | Q96: 0 | R96: 0 | S96: 0 | T96: 0 | U96: 0 | V96: 0 | W96: 0 | X96: 0 | Y96: 0 | Z96: 0 | AA96: 0
G97: 1126151100 | H97: 31120M15P010000 | I97: 132 | J97: P00030803 | K97: 3360 | L97: SERVICIO APOYO ADMINISTRATIVO, FOTOCOPIADO E IMPRESIÓN | M97: 7400 | N97: 7400 | O97: 7400 | P97: 7400 | Q97: 7400 | R97: 7400 | S97: 7400 | T97: 7400 | U97: 7400 | V97: 7400 | W97: 7400 | X97: 7400 | Y97: 7400 | Z97: 7400 | AA97: 7400
G98: 1126151100 | H98: 31120M15P010000 | I98: 132 | J98: P00030803 | K98: 3380 | L98: SERVICIO DE VIGILANCIA | M98: 1862.4 | N98: 1862.4 | O98: 1862.4 | P98: 1862.4 | Q98: 1862.4 | R98: 1862.4 | S98: 1862.4 | T98: 1862.4 | U98: 1862.4 | V98: 1862.4 | W98: 1862.4 | X98: 1862.4 | Y98: 1862.4 | Z98: 1862.4 | AA98: 1862.4
... G116: 1126151100 | H116: 31120M15P010000 | I116: 132 | J116: P00030803 | K116: 3980 | L116: IMPUESTO SOBRE NOMINAS | M116: 0 | N116: 0 | O116: 0 | P116: 0 | Q116: 0 | R116: 0 | S116: 0 | T116: 0 | U116: 0 | V116: 0 | W116: 0 | X116: 0 | Y116: 0 | Z116: 0 | AA116: 0
H117: IMPORTE TOTAL POR SERVICIOS GENERALES | M117: =SUM(M87:M116) -> 6371361.3 | N117: =SUM(N87:N116) -> 6371361.3 | O117: =SUM(O87:O116) -> 6371361.3 | P117: =SUM(P87:P116) -> 6371361.3 | Q117: =SUM(Q87:Q116) -> 6371361.3 | R117: =SUM(R87:R116) -> 6371361.3 | S117: =SUM(S87:S116) -> 6371361.3 | T117: =SUM(T87:T116) -> 6371361.3 | ... AA117: =SUM(AA87:AA116) -> 6371361.3
G118: 1126151100 | H118: 31120M15P010000 | I118: 132 | J118: P00030803 | K118: 5110 | L118: MUEBLES DE OFICINA Y ESTANTERIA | M118: 15000 | N118: 15000 | O118: 15000 | P118: 15000 | Q118: 15000 | R118: 15000 | S118: 15000 | T118: 15000 | U118: 15000 | V118: 15000 | W118: 15000 | X118: 15000 | Y118: 15000 | Z118: 15000 | AA118: 15000
G119: 1126151100 | H119: 31120M15P010000 | I119: 132 | J119: P00030803 | K119: 5150 | L119: COMPUTADORAS Y EQUIPO PERIFERICO | M119: 15000 | N119: 15000 | O119: 15000 | P119: 15000 | Q119: 15000 | R119: 15000 | S119: 15000 | T119: 15000 | U119: 15000 | V119: 15000 | W119: 15000 | X119: 15000 | Y119: 15000 | Z119: 15000 | AA119: 15000
G120: 1126151100 | H120: 31120M15P010000 | I120: 132 | J120: P00030803 | K120: 5910 | L120: LICENCIAS INFORMATICAS E INTELECTUALES | M120: 35000 | N120: 35000 | O120: 35000 | P120: 35000 | Q120: 35000 | R120: 35000 | S120: 35000 | T120: 35000 | U120: 35000 | V120: 35000 | W120: 35000 | X120: 35000 | Y120: 35000 | Z120: 35000 | AA120: 35000
H121: IMPORTE TOTAL POR BIENES, MUEBLES, INMUEBLES E INTANGIBLES | M121: =SUM(M118:M120) -> 65000 | N121: =SUM(N118:N120) -> 65000 | O121: =SUM(O118:O120) -> 65000 | P121: =SUM(P118:P120) -> 65000 | Q121: =SUM(Q118:Q120) -> 65000 | R121: =SUM(R118:R120) -> 65000 | S121: =SUM(S118:S120) -> 65000 | T121: =SUM(T118:T120) -> 65000 | ... AA121: =SUM(AA118:AA120) -> 65000
...
